 Dungeon Crawl Stone Soup version 0.31-a0-216-g22e908daa7 (webtiles) character file.

Game seed: 9047366063024830431

365982 qw the Impregnable (level 22, -7/149 HPs)
             Began as a Gargoyle Fighter on July 2, 2023.
             Was an Elder of Okawaru.
             Killed by divine providence
             ... invoked by a smoke demon
              (13 damage)
             ... on level 1 of the Depths.
             The game lasted 00:28:39 (44029 turns).

qw the Impregnable (Gargoyle Fighter)              Turns: 44029, Time: 00:28:39

Health: -7/149     AC: 74    Str: 29    XL:     22   Next: 55%
Magic:  36/38      EV: 20    Int: 11    God:    Okawaru [****..]
Gold:   622        SH: 28    Dex:  7    Spells: 21/21 levels left

rFire   + . .        p - +2 broad axe (spect)
rCold   . . .        a - +1 tower shield {AC+3}
rNeg    + . .        K - +13 crystal plate armour of Yputoso {+Inv MP+9 Stlth-}
rPois   inf          s - +2 helmet
rElec   +            g - scarf {repulsion}
rCorr   .            E - +0 pair of gloves "Diban" {rPois SInv}
SInv    +            t - +2 pair of boots
Will    +....        o - amulet of reflection Stlth
                     C - +5 ring of evasion
HPRegen 0.44/turn    i - +5 ring of evasion
MPRegen 0.26/turn

%: repel missiles, reflection
@: about to teleport, heroic, flying
A: sickness immunity, AC +16, big wings, negative energy resistance 1,
electricity resistance, torment resistance 1, petrification resistance, clumsy
1, deterioration 1, fire resistance 1, screaming 1
}: 2/15 runes: decaying, gossamer
a: Renounce Religion, Evoke Invisibility, Heroism, Finesse


You were on level 1 of the Depths.
You worshipped Okawaru.
Okawaru was greatly pleased with you.
You visited 8 branches of the dungeon, and saw 36 of its levels.
You visited the Abyss 4 times.
You also visited: Gauntlet.

You collected 4718 gold pieces.
You spent 4096 gold pieces at shops.


Innate Abilities, Weirdness & Mutations

You are immune to sickness and miasma.
Your stone body is resilient. (AC +16)
You are immune to poison.
Your large and strong wings let you fly.
You resist negative energy. (rN+)
You are resistant to electric shocks. (rElec)
You are resistant to unholy torment.
You are immune to petrification.
You are clumsy. (Dex -2)
Your body sometimes deteriorates upon taking damage.
Your flesh is heat resistant. (rF+)
You occasionally shout uncontrollably at your foes.


   Skills:
 - Level 19.0(24.0) Fighting
 - Level 18.0(23.0) Axes
 - Level 8.9(13.9) Throwing
 - Level 22.0(27) Armour
 - Level 4.0(9.0) Dodging
 + Level 20.3(25.3) Shields
 - Level 10.0 Invocations


You had 21 spell levels left.
You didn't know any spells.
Your spell library was empty.

Inventory:

Hand Weapons
 c - a +7 broad axe of flaming
 f - the +9 war axe of Big Damage {holy, rElec}
   (You found it in a Gauntlet)

   rElec:     It insulates you from electricity.
 p - a +2 spectral broad axe (weapon)
Missiles
 B - 12 boomerangs (quivered)
Armour
 a - a +1 tower shield of protection (worn)
 g - a scarf of repulsion (worn)
 n - a +0 cloak
 s - a +2 helmet (worn)
 t - a +2 pair of boots (worn)
 E - the +0 pair of gloves "Diban" (worn) {rPois SInv}
   (Okawaru gifted it to you on level 5 of the Lair of Beasts)

   rPois:     It protects you from poison.
   SInv:      It lets you see invisible.
 F - the +2 buckler of Samokadgh {Will+ rCorr Str+2 Int+3}
   (You acquired it on level 5 of the Lair of Beasts)

   Str:       It affects your strength (+2).
   Int:       It affects your intelligence (+3).
   rCorr:     It protects you from acid and corrosion.
   Will:      It increases your willpower.
 K - the +13 crystal plate armour of Yputoso (worn) {+Inv MP+9 Stlth-}
   (Okawaru gifted it to you on level 1 of the Spider Nest)

   MP:        It affects your magic capacity (+9).
   +Inv:      It lets you turn invisible.
   Stlth:     It makes you less stealthy.
Jewellery
 i - a +5 ring of evasion (right hand)
 k - the amulet "Paraon" {Harm Regen+ Str+5}
   (You bought it in a shop on level 10 of the Dungeon)

   [amulet of regeneration]

   Str:       It affects your strength (+5).
   Regen:     It increases your rate of health regeneration.
   Harm:      It increases damage dealt and taken.
 l - a ring of fire
 o - an amulet of reflection (around neck)
 C - a +5 ring of evasion (left hand)
 G - a ring of protection from cold
 I - a ring of fire
 J - a ring of ice
Wands
 v - a wand of digging (11)
Scrolls
 b - 6 scrolls of identify
 j - 8 scrolls of enchant armour
 w - 7 scrolls of teleportation
Potions
 d - 3 potions of might
 e - 4 potions of curing
 h - 8 potions of enlightenment
 m - 6 potions of resistance
 q - 2 potions of mutation
 u - 2 potions of lignification
 x - 3 potions of cancellation
 z - 2 potions of magic
 A - 2 potions of attraction
 D - 9 potions of haste

Dungeon Overview and Level Annotations

Branches:
Dungeon (15/15)            Temple (1/1) D:5            Lair (5/5) D:9
  Swamp (4/4) Lair:2       Spider (4/4) Lair:3        Slime (0/5) Lair:4
    Orc (2/2) D:9             Elf (0/3) Orc:2        Vaults (4/5) D:14
  Crypt (0/3) Vaults:2     Depths (1/4) D:15        Gauntlet (visited)

Altars:
Ashenzari
Cheibriados
Dithmenos
Elyvilon
Fedhas
Gozag
Hepliaklqana
Kikubaaqudgha
Makhleb
Nemelex Xobeh
Okawaru
Qazlal
Ru
Sif Muna
Trog
Uskayaw
Vehumet
Wu Jian
Xom
Yredelemnul
Zin
The Shining One
Jiyva
Lugonu

Shops:
D:5 [   D:7 [   D:10 =   Orc:1 =   Orc:2 =*[(   Vaults:3 (??(*   Vaults:4 (((?

Portals:
Hell: Depths:1
Abyss: Lair:5
Pandemonium: Depths:1
Trove: Vaults:2 (give 4 scrolls of fog)

Annotations:
D:6 1 runed translucent door, Crazy Yiuf
D:9 4 transporters
D:11 2 transporters, Pupilyir's ghost, journeyman MiBe
Lair:4 3 runed translucent doors, qw's ghost, journeyman GrFi
Spider:2 3 runed translucent doors, Qyadack's ghost, adept HOFi; endersaim's ghost, adept MfSk
Vaults:3 2 transporters


Message History

Your spectral weapon shares its damage with you!
Your +2 spectral broad axe disappears.
The fireball engulfs the sun demon.
The sun demon completely resists.
The sun demon shouts!
The fireball engulfs you but does no damage.
You block the sun demon's attack. The balrug gestures at you.
The fireball explodes!
The fireball engulfs you but does no damage.
The fireball engulfs the balrug.
The balrug completely resists.
The fireball engulfs the sun demon.
The sun demon completely resists.
A balrug comes into view. It is wielding a +0 demon whip.
You slice the balrug!!
You kill the balrug!
Okawaru accepts your kill.
You hear a sizzling splash.
You slice the sun demon!!
You kill the sun demon!
Okawaru accepts your kill. The hell hog breathes fire at you.
The fireball explodes!
The fireball engulfs you but does no damage.
A smoke demon comes into view.
You yell at the smoke demon!
A smoke demon comes into view.
You feel like a meek peon again.
The smoke demon roars!
The smoke demon gestures at you. Something smites you!
You block the reaper's attack. The smoke demon gestures at you.
Something smites you!
44028 ||| READING 8 scrolls of teleportation.
As you read the scroll of teleportation, it crumbles to dust.
You feel strangely unstable.
The reaper hits you from afar with a +4 scythe of venom!
44029 ||| INVOKING Heroism.
You gain the combat prowess of a mighty hero.
The smoke demon gestures at you. Something smites you!
You die...

.......¤~¤¤....
......¤3¤~¤...\.
......¤¤¤~..3#'#########
...\....~¤.............#
.......¤~~.............#
.....222~~¤............#
.()|=h~3~¤.............#
~....~~@¤..............'
~¤..~¤¤¤~....)).)......#
~~~¤~¤¤¤....(..........#
............(###'##'####
.............# #.##.# #
.............# #.##.# #
T............# #.##.# #
.............. .....# #
........?.......##.# #


You could see a reaper, a balrug, a soul eater, a hell hog, a deep troll, a
smoke demon and a hellion.

Vanquished Creatures
  A dread lich (Abyss:3)
  Mara (Vaults:2)
  Bai Suzhen (Spider:3)
  the Lernaean hydra (Swamp:4)
  A bone dragon (Abyss:3)
  Arachne (Spider:3)
  Rupert (Lair:3)
  Asterion (Spider:4)
  Mlioglotl (Swamp:4)
  2 sphinxes
  Agnes (Spider:2)
  8 tentacled starspawn
  Kirke (Spider:2)
  A tengu reaver (Vaults:4)
  Roxanne (Spider:4)
  2 frost giants (Depths:1)
  8 emperor scorpions
  A fire giant (Depths:1)
  A balrug (Depths:1)
  Louise (Spider:4)
  10 vault wardens
  A draconian shifter (Abyss:3)
  Aizul (Spider:1)
  7 ghost moths
  An orc warlord (Orc:2)
  A caustic shrike skeleton (Abyss:3)
  2 formless jellyfish
  9 ironbound thunderhulks
  14 ironbound preservers
  A stone giant (Depths:1)
  A broodmother (Spider:4)
  3 very ugly things
  5 eleionomae
  13 dire elephants
  23 starcursed masses
  A bunyip (shapeshifter) (Lair:5)
  A bunyip (Swamp:2)
  3 spark wasps
  A minotaur (Gauntlet)
  2 shambling mangroves
  A fire dragon (Depths:1)
  3 ettins
  8 entropy weavers
  8 yaktaur captains
  5 great orbs of eyes
  A deep elf high priest (Vaults:2)
  Josephine (Spider:1)
  16 hydras
  Erolcha (Orc:2)
  Harold (Lair:2)
  4 ice dragons (Depths:1)
  4 rakshasas
  6 jorogumos
  A peacekeeper (Vaults:2)
  17 centaur warriors
  Erica (D:8)
  10 vault guards
  An ogre mage (D:15)
  An anaconda (shapeshifter) (Depths:1)
  3 boulder beetles
  6 two-headed ogres
  3 radroaches
  5 ironbound frosthearts
  4 deep troll shamans (Depths:1)
  3 ghost crabs
  13 alligators
  4 hell hogs (Abyss:3)
  17 death yaks
  17 demonic crawlers
  18 thrashing horrors
  3 tengu warriors
  3 orc high priests (Orc:2)
  A soul eater (Depths:1)
  2 hell knights
  4 sun demons (Depths:1)
  2 skysharks
  3 wretched stars (Abyss:3)
  4 iron trolls (Depths:1)
  4 goliath frogs
  4 pharaoh ants
  2 shadow wraiths
  42 deep trolls
  9 swamp dragons
  3 glowing orange brains
  A sun moth (Spider:4)
  2 spriggan druids (Swamp:1)
  A phantasmal warrior (Abyss:2)
  13 orb spiders
  4 deep elf pyromancers
  3 lindwurms
  2 bog bodies (Swamp:1)
  9 wizards
  4 harpies (Vaults:1)
  19 ironbound convokers
  4 orc knights
  3 necromancers
  A shadow dragon skeleton (Abyss:2)
  5 steelbarb worms
  46 ugly things
  19 wolf spiders
  5 manticores
  An oklob plant (Lair:4)
  4 orc sorcerers (Orc:2)
  A shining eye (Gauntlet)
  2 will-o-the-wisps
  4 cyclopes
  2 worldbinders (Abyss:3)
  2 moths of wrath (Spider:4)
  5 black mambas
  16 elephants
  14 vault sentinels
  2 ice statues (Spider:4)
  Maurice (D:8)
  Joseph (D:8)
  8 smoke demons
  2 water nymphs (Swamp:3)
  7 torpor snails
  12 large abominations
  2 orange demons
  8 cane toads
  A kobold demonologist (D:10)
  2 rime drakes (Lair:5)
  17 yaktaurs
  A hellion (Abyss:3)
  2 efreet (D:14)
  7 komodo dragons
  4 tengu conjurers
  6 meliai
  4 trolls
  A meliai (shapeshifter) (Lair:5)
  2 polar bears
  4 ancient zymes
  3 hellwings (Abyss:2)
  2 bloated husks
  A queen bee (D:10)
  25 tarantellas
  23 blink frogs
  6 tyrant leeches
  18 hornets
  15 raiju
  7 dream sheep (Lair:3)
  18 slime creatures
  Sigmund (D:6)
  A shadow (D:10)
  27 jumping spiders
  5 spriggans
  3 vampires
  3 ynoxinuls
  29 culicivoras
  2 chaos spawn (Lair:5)
  9 wraiths
  8 wyverns
  47 yaks
  3 hogs (Spider:2)
  4 neqoxecs
  9 vampire mosquitoes
  A golden eye (Gauntlet)
  7 basilisks
  A redback (shapeshifter) (Abyss:2)
  57 redbacks
  2 steam dragons
  2 wargs
  12 swamp worms
  Edmund (D:4)
  3 acid dragons
  12 water moccasins
  7 swamp drakes
  4 black bears
  A sky beast (D:7)
  4 ogres
  34 orc warriors
  19 wolves
  3 boggarts (Vaults:3)
  18 centaurs
  10 bullfrogs
  A gnoll sergeant (D:7)
  A necrophage (D:6)
  3 scorpions
  23 killer bees
  2 vampire bats (D:6)
  3 electric eels
  A howler monkey (D:4)
  A quasit (Abyss:3)
  4 hounds
  22 orc priests
  A jelly (D:6)
  2 gnoll boudas
  2 iguanas
  3 sleepcaps
  4 hell rats (Lair:5)
  25 orc wizards
  20 small abominations
  A hound skeleton (D:6)
  14 gnolls
  6 adders
  A shadow imp (D:6)
  A white imp (D:5)
  5 ufetubi
  2 worms
  2 dart slugs
  73 orcs
  13 bats
  5 endoplasms
  4 giant cockroaches
  7 goblins
  17 hobgoblins
  5 quokkas
  3 ball pythons
  6 frilled lizards
  4 kobolds
  6 rats
  2 spectral weapons (Spider:4)
  3 starspawn tentacles (Abyss:3)
1456 creatures vanquished.

Vanquished Creatures (others)
  A ghost moth (Spider:1)
  A broodmother (Spider:3)
  A wizard (Vaults:4)
  An orc (D:8)
  14 foxfires
  19 spectral weapons
  19 starspawn tentacles
56 creatures vanquished.

Grand Total: 1512 creatures vanquished

Notes
Turn   | Place    | Note
-------+----------+-------------------------------------------
     0 | D:1      | qw the Gargoyle Fighter began the quest for the Orb.
     0 | D:1      | Reached XP level 1. HP: 14/14 MP: 1/1
     0 | D:1      | 0 ||| qw: Version: 0.3-a-39-g4513739
     0 | D:1      | 0 ||| qw: Game counter: 7915
     0 | D:1      | 0 ||| qw: Melee chars always use a shield: true
     0 | D:1      | 0 ||| qw: God list: Okawaru
     0 | D:1      | 0 ||| qw: Allow faded altars: false
     0 | D:1      | 0 ||| qw: Do Orc after clearing Dungeon:15 true
     0 | D:1      | 0 ||| qw: Do second Lair branch before Depths: true
     0 | D:1      | 0 ||| qw: Lair rune preference: random
     0 | D:1      | 0 ||| qw: Goals: Normal, Zot:1-4, Slime:5, God:TSO, Crypt,
                  | Tomb, Abyss, Pan, Hells, Win
     0 | D:1      | 0 ||| PLANNING D:1-11
    10 | D:1      | 10 ||| Stepping ~*~*~tactically~*~*~ (stealth).
   108 | D:1      | Reached XP level 2. HP: 16/19 MP: 2/2
   358 | D:1      | 358 ||| Stepping ~*~*~tactically~*~*~ (hiding).
   541 | D:1      | Reached skill level 3 in Axes
   686 | D:1      | 686 ||| READING scroll labelled QOXIMI QACE.
   687 | D:1      | 687 ||| READING scroll labelled ONEQAEBAOT.
   688 | D:1      | 688 ||| READING scroll labelled RUOSAD DEXTOEC.
   701 | D:1      | 701 ||| READING scroll labelled VUERUH LUIS.
   742 | D:2      | Reached XP level 3. HP: 21/23 MP: 3/3
  1055 | D:2      | Found a faded altar of an unknown god.
  1322 | D:2      | Reached skill level 1 in Throwing
  1338 | D:2      | Identified the +2 leather armour of Ychagg {Fly rC+ rCorr}
  1636 | D:2      | 1636 ||| UPGRADING to +0 plate armour.
  1646 | D:2      | 1646 ||| DROPPING +0 scale mail.
  1647 | D:2      | 1647 ||| UPGRADING to +2 buckler of protection.
  1657 | D:2      | 1657 ||| DROPPING +0 buckler.
  1658 | D:2      | 1658 ||| READING scroll labelled HOREXK IZERENISI.
  1661 | D:2      | 1661 ||| READING scroll labelled DIW FAKOSO.
  1662 | D:2      | 1662 ||| DRINKING 2 fuming golden potions.
  1700 | D:3      | Reached XP level 4. HP: 28/28 MP: 4/4
  1916 | D:3      | 1916 ||| Stepping ~*~*~tactically~*~*~ (hiding).
  1919 | D:3      | 1919 ||| Stepping ~*~*~tactically~*~*~ (hiding).
  2113 | D:3      | Noticed a black bear
  2118 | D:3      | Killed a black bear
  2119 | D:3      | Reached XP level 5. HP: 28/32 MP: 5/5
  2136 | D:3      | Found a white marble altar of Elyvilon.
  2192 | D:3      | Found a glowing golden altar of the Shining One.
  2265 | D:3      | 2265 ||| Stepping ~*~*~tactically~*~*~ (stealth).
  2266 | D:3      | 2266 ||| Stepping ~*~*~tactically~*~*~ (stealth).
  2267 | D:3      | 2267 ||| Stepping ~*~*~tactically~*~*~ (stealth).
  2268 | D:3      | 2268 ||| Stepping ~*~*~tactically~*~*~ (stealth).
  2269 | D:3      | 2269 ||| Stepping ~*~*~tactically~*~*~ (stealth).
  2607 | D:3      | Found a snail-covered altar of Cheibriados.
  2727 | D:3      | 2727 ||| READING 2 scrolls labelled NIARRI QIA.
  2727 | D:3      | Identified 2 scrolls of acquirement
  2727 | D:3      | 2727 ||| ACQUIRING +2 war axe of venom
  2727 | D:3      | Acquired a +2 war axe of venom
  2729 | D:3      | 2729 ||| SWAPPING to +2 war axe of venom.
  2730 | D:3      | 2730 ||| DROPPING +0 war axe.
  2731 | D:3      | 2731 ||| READING scroll of acquirement.
  2731 | D:3      | 2731 ||| ACQUIRING +2 broad axe of flaming
  2731 | D:3      | Acquired a +2 broad axe of flaming
  2733 | D:3      | 2733 ||| SWAPPING to +2 broad axe of flaming.
  2734 | D:3      | 2734 ||| DROPPING +0 club.
  2735 | D:3      | 2735 ||| DROPPING +2 war axe of venom.
  2800 | D:4      | 2800 ||| Stepping ~*~*~tactically~*~*~ (stealth).
  2801 | D:4      | 2801 ||| Stepping ~*~*~tactically~*~*~ (stealth).
  2829 | D:4      | Reached XP level 6. HP: 38/38 MP: 6/6
  3097 | D:4      | You fall into a shaft and drop 3 floors!
  3101 | D:7      | 3101 ||| Stepping ~*~*~tactically~*~*~ (hiding).
  3114 | D:7      | Reached skill level 6 in Axes
  3115 | D:7      | Reached XP level 7. HP: 32/43 MP: 7/7
  3239 | D:7      | Identified the +0 pair of gloves of Pesh {rElec}
  3259 | D:7      | 3259 ||| Stepping ~*~*~tactically~*~*~ (stealth).
  3261 | D:7      | 3261 ||| Stepping ~*~*~tactically~*~*~ (hiding).
  3351 | D:7      | 3351 ||| READING 2 scrolls labelled TUCKUNERENG.
  3352 | D:7      | 3352 ||| READING scroll of enchant weapon.
  3352 | D:7      | 3352 ||| ENCHANTING +3 broad axe of flaming.
  3353 | D:7      | 3353 ||| READING scroll labelled TUESEIXITI.
  3354 | D:7      | 3354 ||| READING 3 scrolls of identify.
  3354 | D:7      | 3354 ||| IDENTIFYING pink potion
  3355 | D:7      | 3355 ||| READING 2 scrolls of identify.
  3355 | D:7      | 3355 ||| IDENTIFYING purple potion
  3375 | D:6      | 3375 ||| Stepping ~*~*~tactically~*~*~ (stealth).
  3384 | D:6      | HP: 4/44 [orc priest/divine providence (8)]
  3385 | D:6      | 3385 ||| DRINKING 2 potions of heal wounds.
  3387 | D:6      | Reached skill level 4 in Armour
  3387 | D:6      | Reached XP level 8. HP: 29/49 MP: 8/8
  3390 | D:6      | Reached skill level 1 in Dodging
  3565 | D:6      | Found a basalt altar of Yredelemnul.
  3612 | D:5      | Entered Level 5 of the Dungeon
  3624 | D:5      | Found a staircase to the Ecumenical Temple.
  3625 | D:5      | 3625 ||| PLANNING TEMPLE
  3636 | Temple   | Entered the Ecumenical Temple
  3661 | Temple   | 3661 ||| PLANNING OKAWARU WORSHIP
  3743 | Temple   | Became a worshipper of Warmaster Okawaru
  3744 | Temple   | 3744 ||| PLANNING D:1-11
  3778 | D:5      | 3778 ||| Stepping ~*~*~tactically~*~*~ (hiding).
  3805 | D:5      | 3805 ||| Stepping ~*~*~tactically~*~*~ (hiding).
  3823 | D:5      | 3823 ||| FLEEEEING.
  3824 | D:5      | 3824 ||| FLEEEEING.
  3825 | D:5      | 3825 ||| FLEEEEING.
  3827 | D:5      | 3827 ||| FLEEEEING.
  3828 | D:5      | 3828 ||| FLEEEEING.
  3829 | D:5      | 3829 ||| STAIRDANCE
  3890 | D:4      | Noticed Edmund
  3903 | D:4      | Killed Edmund
  3903 | D:4      | Reached * piety under Okawaru
  3904 | D:4      | Reached skill level 6 in Fighting
  4154 | D:4      | 4154 ||| UPGRADING to ring of protection from cold.
  4155 | D:4      | 4155 ||| READING scroll labelled CUITUYVYNYS.
  4411 | D:5      | Found Sufyqeid's Armour Shop.
  4417 | D:5      | 4417 ||| BUYING +0 helmet (45 gold).
  4417 | D:5      | Bought a +0 helmet for 45 gold pieces
  4417 | D:5      | 4417 ||| BUYING +2 pair of boots (165 gold).
  4417 | D:5      | Bought a +2 pair of boots for 165 gold pieces
  4417 | D:5      | 4417 ||| SHOPLISTING +2 pair of boots "Deawal" {Str+3} (278
                  | gold, have 49).
  4448 | D:5      | Reached skill level 1 in Invocations
  4533 | D:5      | 4533 ||| UPGRADING to +5 ring of evasion.
  4534 | D:5      | 4534 ||| READING scroll labelled ONOIR JUSIUT.
  4566 | D:6      | 4566 ||| Stepping ~*~*~tactically~*~*~ (stealth).
  4568 | D:6      | 4568 ||| Stepping ~*~*~tactically~*~*~ (stealth).
  4597 | D:6      | Noticed Sigmund
  4598 | D:6      | 4598 ||| INVOKING Heroism.
  4634 | D:6      | 4634 ||| INVOKING Heroism.
  4650 | D:6      | Killed Sigmund
  4651 | D:6      | Reached XP level 9. HP: 36/55 MP: 8/10
  4781 | D:6      | Found a burning altar of Makhleb.
  4824 | D:6      | 4824 ||| Stepping ~*~*~tactically~*~*~ (stealth).
  4828 | D:6      | 4828 ||| Stepping ~*~*~tactically~*~*~ (stealth).
  4949 | D:6      | 4949 ||| Stepping ~*~*~tactically~*~*~ (hiding).
  4974 | D:6      | 4974 ||| Stepping ~*~*~tactically~*~*~ (stealth).
  4976 | D:6      | 4976 ||| Stepping ~*~*~tactically~*~*~ (stealth).
  4977 | D:6      | 4977 ||| Stepping ~*~*~tactically~*~*~ (stealth).
  5007 | D:6      | 5007 ||| INVOKING Heroism.
  5158 | D:6      | Found a blossoming altar of Fedhas.
  5247 | D:6      | Found a runed translucent door.
  5248 | D:6      | Noticed Crazy Yiuf
  5417 | D:7      | Reached skill level 3 in Invocations
  5464 | D:7      | 5464 ||| Stepping ~*~*~tactically~*~*~ (water).
  5780 | D:7      | 5780 ||| Stepping ~*~*~tactically~*~*~ (hiding).
  5781 | D:7      | 5781 ||| Stepping ~*~*~tactically~*~*~ (hiding).
  5783 | D:7      | 5783 ||| Stepping ~*~*~tactically~*~*~ (hiding).
  5904 | D:7      | Found Ikap Loc's Antique Armour Shop.
  5924 | D:7      | Reached skill level 9 in Axes
  5925 | D:7      | 5925 ||| SHOPLISTING glowing helmet (165 gold, have 149).
  5925 | D:7      | 5925 ||| SHOPLISTING glowing scarf (176 gold, have 149).
  5950 | D:7      | Found a radiant altar of Vehumet.
  6288 | D:7      | 6288 ||| READING 2 scrolls of identify.
  6288 | D:7      | 6288 ||| IDENTIFYING blue potion
  6289 | D:7      | 6289 ||| DROPPING potion of brilliance.
  6308 | D:8      | Noticed Erica
  6309 | D:8      | 6309 ||| INVOKING Heroism.
  6320 | D:8      | 6320 ||| DRINKING 2 potions of curing.
  6320 | D:8      | 6320 ||| (to cure confusion)
  6321 | D:8      | Noticed Maurice
  6323 | D:8      | Killed Erica
  6324 | D:8      | Reached skill level 6 in Armour
  6325 | D:8      | 6325 ||| INVOKING Heroism.
  6332 | D:8      | HP: 4/55 [orc priest/divine providence (13)]
  6333 | D:8      | 6333 ||| DRINKING 2 potions of heal wounds.
  6341 | D:8      | HP: 14/56 [Maurice/+0 short sword (4)]
  6342 | D:8      | 6342 ||| DRINKING potion of heal wounds.
  6344 | D:8      | Reached XP level 10. HP: 37/61 MP: 13/13
  6361 | D:8      | Killed Maurice
  6361 | D:8      | Reached ** piety under Okawaru
  6861 | D:8      | Found an opulent altar of Gozag.
  6862 | D:8      | 6862 ||| INVOKING Heroism.
  6893 | D:8      | Found a bloodstained altar of Trog.
  6981 | D:8      | Noticed Joseph
  6982 | D:8      | 6982 ||| Stepping ~*~*~tactically~*~*~ (hiding).
  6990 | D:8      | Killed Joseph
  7123 | D:8      | 7123 ||| INVOKING Heroism.
  7339 | D:9      | Found a staircase to the Lair.
  7388 | D:9      | 7388 ||| INVOKING Heroism.
  7466 | D:9      | Reached *** piety under Okawaru
  7639 | D:9      | 7639 ||| Stepping ~*~*~tactically~*~*~ (hiding).
  7645 | D:9      | 7645 ||| INVOKING Heroism.
  7713 | D:9      | Found a transporter.
  7738 | D:9      | Found a transporter.
  7790 | D:9      | Found a transporter.
  7804 | D:9      | Found a sparkling altar of Nemelex Xobeh.
  7806 | D:9      | Found a staircase to the Orcish Mines.
  7811 | D:9      | Noticed a two-headed ogre
  7812 | D:9      | 7812 ||| INVOKING Heroism.
  7818 | D:9      | Killed a two-headed ogre
  7819 | D:9      | Reached XP level 11. HP: 64/68 MP: 11/14
  7838 | D:9      | 7838 ||| Stepping ~*~*~tactically~*~*~ (hiding).
  7964 | D:9      | Found a transporter.
  8057 | D:9      | 8057 ||| PLANNING LAIR
  8057 | D:9      | 8057 ||| READING scroll labelled NEWOPNOYGG.
  8058 | D:9      | 8058 ||| READING 3 scrolls of identify.
  8058 | D:9      | 8058 ||| IDENTIFYING inky potion
  8069 | Lair:1   | Entered Level 1 of the Lair of Beasts
  8096 | Lair:1   | 8096 ||| INVOKING Heroism.
  8105 | Lair:1   | Reached skill level 9 in Fighting
  8105 | Lair:1   | 8105 ||| Stepping ~*~*~tactically~*~*~ (stealth).
  8122 | Lair:1   | Reached skill level 7 in Armour
  8127 | Lair:1   | 8127 ||| INVOKING Heroism.
  8157 | Lair:1   | 8157 ||| Stepping ~*~*~tactically~*~*~ (stealth).
  8159 | Lair:1   | 8159 ||| Stepping ~*~*~tactically~*~*~ (stealth).
  8161 | Lair:1   | 8161 ||| Stepping ~*~*~tactically~*~*~ (stealth).
  8171 | Lair:1   | Reached **** piety under Okawaru
  8175 | Lair:1   | 8175 ||| INVOKING Heroism.
  8239 | Lair:1   | 8239 ||| Stepping ~*~*~tactically~*~*~ (stealth).
  8240 | Lair:1   | 8240 ||| Stepping ~*~*~tactically~*~*~ (stealth).
  8267 | Lair:1   | 8267 ||| Stepping ~*~*~tactically~*~*~ (stealth).
  8289 | Lair:1   | 8289 ||| INVOKING Heroism.
  8298 | Lair:1   | Received a gift from Okawaru
  8386 | Lair:1   | Reached skill level 12 in Axes
  8403 | Lair:1   | 8403 ||| INVOKING Heroism.
  8416 | Lair:1   | 8416 ||| Stepping ~*~*~tactically~*~*~ (stealth).
  8429 | Lair:1   | 8429 ||| Stepping ~*~*~tactically~*~*~ (stealth).
  8522 | Lair:1   | 8522 ||| INVOKING Heroism.
  8525 | Lair:1   | Reached skill level 6 in Invocations
  8535 | Lair:1   | 8535 ||| INVOKING Heroism.
  8538 | Lair:1   | Reached skill level 6 in Shields
  8746 | Lair:1   | 8746 ||| READING scroll of enchant weapon.
  8746 | Lair:1   | 8746 ||| ENCHANTING +4 broad axe of flaming.
  8912 | Lair:1   | 8912 ||| INVOKING Heroism.
  8962 | Lair:1   | 8962 ||| INVOKING Heroism.
  8963 | Lair:1   | 8963 ||| READING scroll labelled CAALECOM KOSI.
  8964 | Lair:1   | 8964 ||| READING scroll labelled NEICHO HYMOREI.
  8989 | Lair:1   | 8989 ||| INVOKING Heroism.
  9268 | Lair:2   | 9268 ||| INVOKING Heroism.
  9369 | Lair:2   | 9369 ||| Stepping ~*~*~tactically~*~*~ (stealth).
  9371 | Lair:2   | 9371 ||| INVOKING Heroism.
  9410 | Lair:2   | Reached XP level 12. HP: 71/77 MP: 17/17
  9631 | Lair:2   | Noticed Harold
  9632 | Lair:2   | 9632 ||| Stepping ~*~*~tactically~*~*~ (hiding).
  9634 | Lair:2   | 9634 ||| Stepping ~*~*~tactically~*~*~ (hiding).
  9637 | Lair:2   | 9637 ||| INVOKING Heroism.
  9643 | Lair:2   | Killed Harold
  9869 | Lair:2   | 9869 ||| Stepping ~*~*~tactically~*~*~ (hiding).
  9871 | Lair:2   | 9871 ||| INVOKING Heroism.
  9897 | Lair:2   | 9897 ||| INVOKING Heroism.
  9977 | Lair:2   | Noticed a death yak
  9978 | Lair:2   | Noticed a death yak
  9979 | Lair:2   | 9979 ||| Stepping ~*~*~tactically~*~*~ (stealth).
  9981 | Lair:2   | 9981 ||| INVOKING Heroism.
  9988 | Lair:2   | Killed a death yak
  9989 | Lair:2   | Reached skill level 9 in Invocations
  9989 | Lair:2   | Killed a death yak
 10159 | Lair:2   | Found a staircase to the Swamp.
 10160 | Lair:2   | 10160 ||| INVOKING Heroism.
 10380 | Lair:2   | 10380 ||| READING 4 scrolls of identify.
 10380 | Lair:2   | 10380 ||| IDENTIFYING orange potion
 10403 | Lair:3   | Noticed a death yak
 10404 | Lair:3   | 10404 ||| INVOKING Heroism.
 10409 | Lair:3   | Noticed a death yak
 10409 | Lair:3   | Noticed a death yak
 10413 | Lair:3   | Noticed a death yak
 10416 | Lair:3   | Noticed a death yak
 10418 | Lair:3   | Noticed a death yak
 10420 | Lair:3   | Killed a death yak
 10427 | Lair:3   | 10427 ||| STAIRDANCE
 10429 | Lair:2   | 10429 ||| INVOKING Heroism.
 10430 | Lair:2   | Killed a death yak
 10436 | Lair:2   | Killed a death yak
 10437 | Lair:2   | Reached ***** piety under Okawaru
 10565 | Lair:3   | 10565 ||| INVOKING Heroism.
 10569 | Lair:3   | Killed a death yak
 10570 | Lair:3   | Reached skill level 8 in Armour
 10570 | Lair:3   | 10570 ||| INVOKING Finesse.
 10572 | Lair:3   | Killed a death yak
 10572 | Lair:3   | Received a gift from Okawaru
 10577 | Lair:3   | Killed a death yak
 10667 | Lair:3   | Found a hole to the Spider Nest.
 10672 | Lair:3   | 10672 ||| Stepping ~*~*~tactically~*~*~ (stealth).
 10674 | Lair:3   | 10674 ||| INVOKING Heroism.
 10787 | Lair:3   | 10787 ||| INVOKING Heroism.
 10796 | Lair:3   | Reached XP level 13. HP: 82/82 MP: 18/20
 10843 | Lair:3   | 10843 ||| Stepping ~*~*~tactically~*~*~ (stealth).
 10845 | Lair:3   | 10845 ||| Stepping ~*~*~tactically~*~*~ (stealth).
 10847 | Lair:3   | 10847 ||| Stepping ~*~*~tactically~*~*~ (stealth).
 10878 | Lair:3   | Noticed Rupert
 10879 | Lair:3   | 10879 ||| INVOKING Heroism.
 10880 | Lair:3   | 10880 ||| INVOKING Finesse.
 10881 | Lair:3   | Paralysed by Rupert for 4 turns
 10900 | Lair:3   | Killed Rupert
 10973 | Lair:3   | 10973 ||| INVOKING Heroism.
 10986 | Lair:3   | Received a gift from Okawaru
 11001 | Lair:3   | 11001 ||| INVOKING Heroism.
 11190 | Lair:3   | 11190 ||| INVOKING Heroism.
 11261 | Lair:3   | Reached skill level 9 in Armour
 11403 | Lair:3   | 11403 ||| UPGRADING to +1 kite shield of fire resistance.
 11413 | Lair:3   | 11413 ||| DROPPING +2 buckler of protection.
 11414 | Lair:3   | 11414 ||| DRINKING 2 smoky green potions.
 11415 | Lair:3   | 11415 ||| READING 4 scrolls of identify.
 11415 | Lair:3   | 11415 ||| IDENTIFYING ruby potion
 11416 | Lair:3   | 11416 ||| DROPPING potion of invisibility.
 11417 | Lair:3   | 11417 ||| DROPPING potion of degeneration.
 11442 | Lair:4   | 11442 ||| Stepping ~*~*~tactically~*~*~ (stealth).
 11444 | Lair:4   | 11444 ||| Stepping ~*~*~tactically~*~*~ (stealth).
 11602 | Lair:4   | 11602 ||| Stepping ~*~*~tactically~*~*~ (hiding).
 11604 | Lair:4   | 11604 ||| Stepping ~*~*~tactically~*~*~ (hiding).
 11715 | Lair:4   | Found a runed translucent gate.
 11716 | Lair:4   | Found a runed translucent gate.
 11717 | Lair:4   | Found a runed translucent gate.
 11728 | Lair:4   | 11728 ||| INVOKING Heroism.
 11729 | Lair:4   | 11729 ||| INVOKING Finesse.
 11730 | Lair:4   | Noticed a minotaur
 11730 | Lair:4   | Noticed qw's ghost (journeyman GrFi)
 11999 | Lair:4   | 11999 ||| INVOKING Heroism.
 12072 | Lair:4   | 12072 ||| Stepping ~*~*~tactically~*~*~ (stealth).
 12086 | Lair:4   | 12086 ||| INVOKING Heroism.
 12210 | Lair:4   | 12210 ||| Stepping ~*~*~tactically~*~*~ (stealth).
 12255 | Lair:4   | 12255 ||| Stepping ~*~*~tactically~*~*~ (hiding).
 12264 | Lair:4   | Reached skill level 9 in Shields
 12408 | Lair:4   | Found a viscous altar of Jiyva.
 12409 | Lair:4   | Found a staircase to the Slime Pits.
 12483 | Lair:4   | 12483 ||| Stepping ~*~*~tactically~*~*~ (stealth).
 12487 | Lair:4   | 12487 ||| INVOKING Heroism.
 12490 | Lair:4   | Reached skill level 3 in Throwing
 12684 | Lair:4   | 12684 ||| READING 3 scrolls of identify.
 12684 | Lair:4   | 12684 ||| IDENTIFYING fizzy brown potion
 12714 | Lair:5   | Entered Level 5 of the Lair of Beasts
 12715 | Lair:5   | 12715 ||| INVOKING Heroism.
 12803 | Lair:5   | 12803 ||| Stepping ~*~*~tactically~*~*~ (stealth).
 12826 | Lair:5   | 12826 ||| INVOKING Heroism.
 12827 | Lair:5   | 12827 ||| INVOKING Finesse.
 12847 | Lair:5   | Received a gift from Okawaru
 12852 | Lair:5   | Gained mutation: Your large and strong wings let you fly.
                  | [Gargoyle growth]
 12852 | Lair:5   | Reached XP level 14. HP: 90/90 MP: 15/21
 12856 | Lair:5   | Received a gift from Okawaru
 12968 | Lair:5   | 12968 ||| Stepping ~*~*~tactically~*~*~ (stealth).
 12970 | Lair:5   | 12970 ||| Stepping ~*~*~tactically~*~*~ (stealth).
 12981 | Lair:5   | 12981 ||| INVOKING Heroism.
 12989 | Lair:5   | Received a gift from Okawaru
 12996 | Lair:5   | 12996 ||| FLEEEEING.
 12997 | Lair:5   | 12997 ||| FLEEEEING.
 12998 | Lair:5   | 12998 ||| FLEEEEING.
 13029 | Lair:5   | 13029 ||| Stepping ~*~*~tactically~*~*~ (stealth).
 13033 | Lair:5   | 13033 ||| Stepping ~*~*~tactically~*~*~ (stealth).
 13035 | Lair:5   | 13035 ||| INVOKING Heroism.
 13048 | Lair:5   | Identified the +1 broad axe of the Dark Horse {freeze,
                  | Drain rElec Dex+4} (Okawaru gifted it to you on level 5 of
                  | the Lair of Beasts)
 13048 | Lair:5   | Received a gift from Okawaru
 13049 | Lair:5   | Reached skill level 12 in Shields
 13138 | Lair:5   | 13138 ||| DROPPING +1 broad axe of the Dark Horse {freeze,
                  | Drain rElec Dex+4}.
 13160 | Lair:5   | 13160 ||| INVOKING Heroism.
 13161 | Lair:5   | 13161 ||| Stepping ~*~*~tactically~*~*~ (stealth).
 13163 | Lair:5   | 13163 ||| INVOKING Finesse.
 13210 | Lair:5   | 13210 ||| Stepping ~*~*~tactically~*~*~ (stealth).
 13312 | Lair:5   | 13312 ||| READING scroll of acquirement.
 13312 | Lair:5   | 13312 ||| ACQUIRING +2 buckler of Samokadgh {Will+ rCorr
                  | Str+2 Int+3}
 13312 | Lair:5   | Acquired the +2 buckler of Samokadgh {Will+ rCorr Str+2
                  | Int+3}
 13344 | Lair:5   | 13344 ||| Stepping ~*~*~tactically~*~*~ (stealth).
 13346 | Lair:5   | 13346 ||| Stepping ~*~*~tactically~*~*~ (stealth).
 13349 | Lair:5   | 13349 ||| INVOKING Heroism.
 13381 | Lair:5   | 13381 ||| Stepping ~*~*~tactically~*~*~ (stealth).
 13382 | Lair:5   | 13382 ||| Stepping ~*~*~tactically~*~*~ (stealth).
 13412 | Lair:5   | 13412 ||| Stepping ~*~*~tactically~*~*~ (stealth).
 13446 | Lair:5   | 13446 ||| FLEEEEING.
 13485 | Lair:5   | 13485 ||| Stepping ~*~*~tactically~*~*~ (stealth).
 13486 | Lair:5   | 13486 ||| Stepping ~*~*~tactically~*~*~ (stealth).
 13801 | Lair:5   | 13801 ||| PLANNING LAIR
 13803 | Lair:5   | 13803 ||| Stepping ~*~*~tactically~*~*~ (stealth).
 13810 | Lair:5   | 13810 ||| Stepping ~*~*~tactically~*~*~ (stealth).
 13836 | Lair:5   | Reached skill level 15 in Axes
 13889 | Lair:5   | 13889 ||| Stepping ~*~*~tactically~*~*~ (stealth).
 13891 | Lair:5   | 13891 ||| Stepping ~*~*~tactically~*~*~ (stealth).
 13892 | Lair:5   | 13892 ||| Stepping ~*~*~tactically~*~*~ (stealth).
 13893 | Lair:5   | 13893 ||| Stepping ~*~*~tactically~*~*~ (stealth).
 13906 | Lair:5   | Identified the +0 pair of gloves "Diban" {rPois SInv}
                  | (Okawaru gifted it to you on level 5 of the Lair of Beasts)
 13906 | Lair:5   | Received a gift from Okawaru
 13912 | Lair:5   | 13912 ||| Stepping ~*~*~tactically~*~*~ (stealth).
 13913 | Lair:5   | 13913 ||| Stepping ~*~*~tactically~*~*~ (stealth).
 13919 | Lair:5   | 13919 ||| Stepping ~*~*~tactically~*~*~ (stealth).
 13921 | Lair:5   | 13921 ||| Stepping ~*~*~tactically~*~*~ (stealth).
 13922 | Lair:5   | 13922 ||| Stepping ~*~*~tactically~*~*~ (stealth).
 13934 | Lair:5   | 13934 ||| Stepping ~*~*~tactically~*~*~ (stealth).
 13935 | Lair:5   | 13935 ||| Stepping ~*~*~tactically~*~*~ (stealth).
 14059 | Lair:5   | 14059 ||| Stepping ~*~*~tactically~*~*~ (stealth).
 14097 | Lair:5   | 14097 ||| Stepping ~*~*~tactically~*~*~ (stealth).
 14106 | Lair:5   | 14106 ||| Stepping ~*~*~tactically~*~*~ (stealth).
 14123 | Lair:5   | 14123 ||| Stepping ~*~*~tactically~*~*~ (stealth).
 14130 | Lair:5   | 14130 ||| Stepping ~*~*~tactically~*~*~ (stealth).
 14140 | Lair:5   | Reached skill level 12 in Fighting
 14157 | Lair:5   | 14157 ||| FLEEEEING.
 14158 | Lair:5   | 14158 ||| FLEEEEING.
 14212 | Lair:5   | 14212 ||| Stepping ~*~*~tactically~*~*~ (stealth).
 14219 | Lair:5   | Found a corrupted altar of Lugonu.
 14219 | Lair:5   | Found a one-way gate to the infinite horrors of the Abyss.
 14228 | Lair:5   | 14228 ||| INVOKING Heroism.
 14384 | Lair:5   | 14384 ||| INVOKING Heroism.
 14544 | Lair:5   | 14544 ||| INVOKING Heroism.
 14663 | Lair:5   | Noticed a quicksilver ooze
 14664 | Lair:5   | 14664 ||| Stepping ~*~*~tactically~*~*~ (stealth).
 14665 | Lair:5   | 14665 ||| Stepping ~*~*~tactically~*~*~ (stealth).
 14666 | Lair:5   | 14666 ||| Stepping ~*~*~tactically~*~*~ (stealth).
 14670 | Lair:5   | 14670 ||| PLANNING D:1-11
 14670 | Lair:5   | 14670 ||| UPGRADING to +0 pair of boots.
 14675 | Lair:5   | 14675 ||| INVOKING Heroism.
 14793 | Lair:5   | 14793 ||| UPGRADING to +0 pair of gloves.
 14798 | Lair:5   | 14798 ||| UPGRADING to scarf of repulsion.
 14803 | Lair:5   | 14803 ||| DROPPING scarf of repulsion.
 14804 | Lair:5   | 14804 ||| DROPPING +0 pair of gloves of Pesh {rElec}.
 14805 | Lair:5   | 14805 ||| UPGRADING to +0 helmet.
 14810 | Lair:5   | 14810 ||| UPGRADING to +2 pair of boots.
 14820 | Lair:5   | 14820 ||| DROPPING +0 pair of boots.
 14821 | Lair:5   | 14821 ||| UPGRADING to +0 pair of gloves "Diban" {rPois
                  | SInv}.
 14831 | Lair:5   | 14831 ||| DROPPING +0 pair of gloves.
 14840 | Lair:5   | 14840 ||| UPGRADING to amulet of reflection.
 14845 | Lair:5   | 14845 ||| DROPPING amulet of regeneration.
 14846 | Lair:5   | 14846 ||| READING scroll labelled ZALIRH SUAM.
 14847 | Lair:5   | 14847 ||| READING scroll labelled QUTOHU SASELL.
 14848 | Lair:5   | 14848 ||| READING 6 scrolls of identify.
 14848 | Lair:5   | 14848 ||| IDENTIFYING yellow potion
 14973 | D:10     | Entered Level 10 of the Dungeon
 15013 | D:10     | 15013 ||| Stepping ~*~*~tactically~*~*~ (hiding).
 15017 | D:10     | 15017 ||| Stepping ~*~*~tactically~*~*~ (hiding).
 15341 | D:10     | 15341 ||| FLEEEEING.
 15344 | D:10     | 15344 ||| FLEEEEING.
 15345 | D:10     | 15345 ||| FLEEEEING.
 15346 | D:10     | 15346 ||| FLEEEEING.
 15349 | D:10     | 15349 ||| FLEEEEING.
 15350 | D:10     | 15350 ||| FLEEEEING.
 15351 | D:10     | 15351 ||| FLEEEEING.
 15352 | D:10     | 15352 ||| FLEEEEING.
 15353 | D:10     | 15353 ||| FLEEEEING.
 15354 | D:10     | 15354 ||| STAIRDANCE
 15510 | D:10     | 15510 ||| Stepping ~*~*~tactically~*~*~ (hiding).
 15772 | D:10     | Found Zoesihal's Jewellery Shop.
 15777 | D:10     | 15777 ||| BUYING amulet "Paraon" {Harm Regen+ Str+5} (665
                  | gold).
 15777 | D:10     | Bought the amulet "Paraon" {Harm Regen+ Str+5} for 665 gold
                  | pieces
 15777 | D:10     | 15777 ||| SHOPLISTING ring of positive energy (280 gold,
                  | have 44).
 15777 | D:10     | 15777 ||| SHOPLISTING ring of resist corrosion (280 gold,
                  | have 44).
 15865 | D:10     | 15865 ||| INVOKING Heroism.
 15887 | D:10     | Reached skill level 10 in Armour
 15899 | D:10     | 15899 ||| READING 6 scrolls of identify.
 15899 | D:10     | 15899 ||| IDENTIFYING fizzy emerald potion
 15900 | D:10     | 15900 ||| DRINKING potion of experience.
 15900 | D:10     | Reached skill level 11 in Armour
 15900 | D:10     | Reached XP level 15. HP: 96/96 MP: 22/22
 15930 | D:11     | 15930 ||| Stepping ~*~*~tactically~*~*~ (hiding).
 15932 | D:11     | 15932 ||| Stepping ~*~*~tactically~*~*~ (hiding).
 15941 | D:11     | Reached XP level 16. HP: 98/101 MP: 23/23
 16104 | D:11     | 16104 ||| Stepping ~*~*~tactically~*~*~ (stealth).
 16279 | D:11     | Found a transporter.
 16292 | D:11     | 16292 ||| Stepping ~*~*~tactically~*~*~ (stealth).
 16418 | D:11     | Noticed Pupilyir's ghost (journeyman MiBe)
 16431 | D:11     | 16431 ||| DRINKING 3 potions of curing.
 16431 | D:11     | 16431 ||| (to cure confusion)
 16451 | D:11     | Found a transporter.
 16675 | D:11     | 16675 ||| PLANNING D
 16675 | D:11     | 16675 ||| DROPPING ring of wizardry.
 16695 | D:12     | 16695 ||| INVOKING Heroism.
 16837 | D:12     | 16837 ||| Stepping ~*~*~tactically~*~*~ (hiding).
 17146 | D:12     | 17146 ||| Stepping ~*~*~tactically~*~*~ (stealth).
 17148 | D:12     | 17148 ||| Stepping ~*~*~tactically~*~*~ (hiding).
 18000 | D:13     | Received a gift from Okawaru
 18233 | D:13     | 18233 ||| READING scroll labelled POKHLO PINYNUI.
 18278 | D:14     | 18278 ||| Stepping ~*~*~tactically~*~*~ (hiding).
 18279 | D:14     | 18279 ||| Stepping ~*~*~tactically~*~*~ (hiding).
 18291 | D:14     | 18291 ||| INVOKING Heroism.
 18422 | D:14     | 18422 ||| READING scroll of enchant weapon.
 18422 | D:14     | 18422 ||| ENCHANTING +5 broad axe of freezing.
 18584 | D:14     | Found a gate to the Vaults.
 18646 | D:14     | 18646 ||| Stepping ~*~*~tactically~*~*~ (hiding).
 18648 | D:14     | 18648 ||| INVOKING Heroism.
 18649 | D:14     | 18649 ||| SWAPPING to +0 flail.
 18662 | D:14     | 18662 ||| SWAPPING to +6 broad axe of freezing.
 18677 | D:14     | Reached skill level 3 in Dodging
 18873 | D:14     | 18873 ||| READING scroll of enchant armour.
 18873 | D:14     | 18873 ||| ENCHANTING +0 helmet.
 18896 | D:14     | 18896 ||| Stepping ~*~*~tactically~*~*~ (hiding).
 18981 | D:14     | 18981 ||| Stepping ~*~*~tactically~*~*~ (hiding).
 18989 | D:14     | Reached skill level 12 in Armour
 19015 | D:14     | 19015 ||| Stepping ~*~*~tactically~*~*~ (hiding).
 19032 | D:14     | 19032 ||| Stepping ~*~*~tactically~*~*~ (hiding).
 19379 | D:14     | Received a gift from Okawaru
 19389 | D:14     | Found an iron altar of Okawaru.
 19410 | D:15     | Entered Level 15 of the Dungeon
 19429 | D:15     | 19429 ||| READING scroll of enchant armour.
 19429 | D:15     | 19429 ||| ENCHANTING +1 helmet.
 19509 | D:15     | 19509 ||| READING 7 scrolls of identify.
 19509 | D:15     | 19509 ||| IDENTIFYING metallic green potion
 19510 | D:15     | 19510 ||| DROPPING potion of berserk rage.
 19768 | D:15     | 19768 ||| INVOKING Heroism.
 19774 | D:15     | Received a gift from Okawaru
 19775 | D:15     | Paralysed by an ogre mage for 2 turns
 19861 | D:15     | 19861 ||| Stepping ~*~*~tactically~*~*~ (hiding).
 19862 | D:15     | 19862 ||| Stepping ~*~*~tactically~*~*~ (hiding).
 19865 | D:15     | 19865 ||| INVOKING Heroism.
 19866 | D:15     | 19866 ||| INVOKING Finesse.
 19894 | D:15     | 19894 ||| Stepping ~*~*~tactically~*~*~ (hiding).
 20017 | D:15     | Found a staircase to the Depths.
 20158 | D:15     | 20158 ||| Stepping ~*~*~tactically~*~*~ (stealth).
 20161 | D:15     | 20161 ||| Stepping ~*~*~tactically~*~*~ (stealth).
 20336 | D:15     | 20336 ||| INVOKING Heroism.
 20516 | D:15     | 20516 ||| PLANNING ORC
 20647 | Orc:1    | Entered Level 1 of the Orcish Mines
 20669 | Orc:1    | Found Asoepaaf's Jewellery Emporium.
 20678 | Orc:1    | 20678 ||| SHOPLISTING +4 ring of slaying (1092 gold, have
                  | 625).
 20678 | Orc:1    | 20678 ||| BUYING +6 ring of strength (504 gold).
 20678 | Orc:1    | Bought a +6 ring of strength for 504 gold pieces
 20754 | Orc:1    | 20754 ||| Stepping ~*~*~tactically~*~*~ (stealth).
 20769 | Orc:1    | 20769 ||| Stepping ~*~*~tactically~*~*~ (stealth).
 20770 | Orc:1    | 20770 ||| Stepping ~*~*~tactically~*~*~ (stealth).
 20896 | Orc:1    | 20896 ||| Stepping ~*~*~tactically~*~*~ (hiding).
 21040 | Orc:1    | 21040 ||| Stepping ~*~*~tactically~*~*~ (hiding).
 21057 | Orc:1    | 21057 ||| INVOKING Heroism.
 21185 | Orc:1    | 21185 ||| DROPPING ring of positive energy.
 21186 | Orc:1    | 21186 ||| DROPPING ring of willpower.
 21187 | Orc:1    | 21187 ||| UPGRADING to +6 ring of strength.
 21209 | Orc:2    | Entered Level 2 of the Orcish Mines
 21210 | Orc:2    | 21210 ||| PLANNING GAUNTLET
 21217 | Orc:2    | 21217 ||| Stepping ~*~*~tactically~*~*~ (stealth).
 21219 | Orc:2    | 21219 ||| Stepping ~*~*~tactically~*~*~ (stealth).
 21220 | Orc:2    | 21220 ||| Stepping ~*~*~tactically~*~*~ (hiding).
 21226 | Orc:2    | Received a gift from Okawaru
 21312 | Orc:2    | Found a staircase to the Elven Halls.
 21312 | Orc:2    | Found a gate leading to a gauntlet.
 21321 | Gauntlet | Entered a Gauntlet
 21321 | Gauntlet | Found a transporter.
 21334 | Gauntlet | Found a transporter.
 21345 | Gauntlet | Found a transporter.
 21350 | Gauntlet | Found a transporter.
 21367 | Gauntlet | Found a transporter.
 21386 | Gauntlet | Found a transporter.
 21398 | Gauntlet | Found a transporter.
 21410 | Gauntlet | Found a transporter.
 21416 | Gauntlet | Found a transporter.
 21435 | Gauntlet | Found a transporter.
 21447 | Gauntlet | Found a transporter.
 21464 | Gauntlet | Found a transporter.
 21481 | Gauntlet | Found a transporter.
 21483 | Gauntlet | Found a transporter.
 21510 | Gauntlet | Found a transporter.
 21512 | Gauntlet | Found a transporter.
 21512 | Gauntlet | Found a transporter.
 21534 | Gauntlet | Found a transporter.
 21756 | Gauntlet | Identified the +9 war axe of Big Damage {holy, rElec}
 21782 | Gauntlet | Gained mutation: You are vulnerable to heat. (rF-) [a
                  | shining eye]
 21788 | Gauntlet | 21788 ||| DRINKING 6 potions of curing.
 21788 | Gauntlet | 21788 ||| (to cure confusion)
 21789 | Gauntlet | 21789 ||| DRINKING 5 potions of curing.
 21789 | Gauntlet | 21789 ||| (to cure confusion)
 21790 | Gauntlet | 21790 ||| DRINKING 4 potions of curing.
 21790 | Gauntlet | 21790 ||| (to cure confusion)
 21818 | Gauntlet | 21818 ||| DRINKING 3 potions of curing.
 21818 | Gauntlet | 21818 ||| (to cure confusion)
 21822 | Gauntlet | 21822 ||| DRINKING 2 potions of curing.
 21822 | Gauntlet | 21822 ||| (to cure confusion)
 21851 | Gauntlet | Identified the +2 pair of boots of Icymmom {Int+2}
 21853 | Gauntlet | 21853 ||| DROPPING +2 scale mail of cold resistance.
 21854 | Gauntlet | 21854 ||| UPGRADING to +4 plate armour of positive energy.
 21864 | Gauntlet | 21864 ||| DROPPING +0 plate armour.
 21865 | Gauntlet | 21865 ||| DROPPING +2 pair of boots of Icymmom {Int+2}.
 21882 | Gauntlet | 21882 ||| Stepping ~*~*~tactically~*~*~ (hiding).
 21884 | Gauntlet | 21884 ||| INVOKING Heroism.
 21902 | Gauntlet | 21902 ||| DROPPING +0 flail.
 21933 | Orc:2    | 21933 ||| PLANNING ORC
 22099 | Orc:2    | Noticed Erolcha
 22113 | Orc:2    | Killed Erolcha
 22363 | Orc:2    | 22363 ||| Stepping ~*~*~tactically~*~*~ (stealth).
 22364 | Orc:2    | 22364 ||| Stepping ~*~*~tactically~*~*~ (stealth).
 22365 | Orc:2    | 22365 ||| Stepping ~*~*~tactically~*~*~ (stealth).
 22391 | Orc:2    | 22391 ||| INVOKING Heroism.
 22409 | Orc:2    | Reached skill level 6 in Throwing
 22409 | Orc:2    | HP: 24/104 [orc warrior/+0 glaive of protection (7)]
 22410 | Orc:2    | 22410 ||| READING 10 scrolls of teleportation.
 22411 | Orc:2    | 22411 ||| DRINKING 3 potions of heal wounds.
 22445 | Orc:2    | 22445 ||| FLEEEEING.
 22446 | Orc:2    | 22446 ||| FLEEEEING.
 22447 | Orc:2    | 22447 ||| FLEEEEING.
 22448 | Orc:2    | 22448 ||| FLEEEEING.
 22450 | Orc:2    | 22450 ||| FLEEEEING.
 22451 | Orc:2    | 22451 ||| FLEEEEING.
 22452 | Orc:2    | 22452 ||| FLEEEEING.
 22453 | Orc:2    | 22453 ||| FLEEEEING.
 22454 | Orc:2    | 22454 ||| FLEEEEING.
 22456 | Orc:2    | 22456 ||| FLEEEEING.
 22461 | Orc:2    | 22461 ||| FLEEEEING.
 22462 | Orc:2    | 22462 ||| FLEEEEING.
 22468 | Orc:2    | 22468 ||| FLEEEEING.
 22469 | Orc:2    | 22469 ||| FLEEEEING.
 22470 | Orc:2    | 22470 ||| FLEEEEING.
 22471 | Orc:2    | 22471 ||| FLEEEEING.
 22472 | Orc:2    | 22472 ||| FLEEEEING.
 22473 | Orc:2    | 22473 ||| FLEEEEING.
 22474 | Orc:2    | 22474 ||| FLEEEEING.
 22475 | Orc:2    | 22475 ||| FLEEEEING.
 22476 | Orc:2    | 22476 ||| FLEEEEING.
 22477 | Orc:2    | 22477 ||| STAIRDANCE
 22632 | Orc:2    | 22632 ||| Stepping ~*~*~tactically~*~*~ (stealth).
 22633 | Orc:2    | 22633 ||| Stepping ~*~*~tactically~*~*~ (stealth).
 22634 | Orc:2    | 22634 ||| Stepping ~*~*~tactically~*~*~ (stealth).
 22635 | Orc:2    | 22635 ||| Stepping ~*~*~tactically~*~*~ (stealth).
 22638 | Orc:2    | 22638 ||| INVOKING Heroism.
 22692 | Orc:2    | 22692 ||| INVOKING Heroism.
 22696 | Orc:2    | 22696 ||| Stepping ~*~*~tactically~*~*~ (stealth).
 22707 | Orc:2    | 22707 ||| Stepping ~*~*~tactically~*~*~ (hiding).
 22721 | Orc:2    | 22721 ||| INVOKING Finesse.
 22735 | Orc:2    | Reached XP level 17. HP: 68/108 MP: 19/24
 22753 | Orc:2    | HP: 25/108 [sun demon[an orc sorcerer] (17)]
 22754 | Orc:2    | 22754 ||| READING 9 scrolls of teleportation.
 22755 | Orc:2    | 22755 ||| DRINKING 2 potions of heal wounds.
 22987 | Orc:2    | 22987 ||| Stepping ~*~*~tactically~*~*~ (stealth).
 22989 | Orc:2    | 22989 ||| Stepping ~*~*~tactically~*~*~ (hiding).
 22992 | Orc:2    | 22992 ||| Stepping ~*~*~tactically~*~*~ (stealth).
 22995 | Orc:2    | 22995 ||| Stepping ~*~*~tactically~*~*~ (hiding).
 23029 | Orc:2    | 23029 ||| Stepping ~*~*~tactically~*~*~ (hiding).
 23048 | Orc:2    | 23048 ||| Stepping ~*~*~tactically~*~*~ (stealth).
 23056 | Orc:2    | Gained mutation: You are frail. (-10% HP) [a neqoxec]
 23149 | Orc:2    | 23149 ||| DRINKING potion of mutation.
 23149 | Orc:2    | Lost mutation: You are vulnerable to heat. (rF-) [potion of
                  | mutation]
 23149 | Orc:2    | Lost mutation: You are frail. (-10% HP) [potion of
                  | mutation]
 23149 | Orc:2    | Gained mutation: Your body sometimes deteriorates upon
                  | taking damage. [potion of mutation]
 23236 | Orc:2    | Found Lalaolaq's Antique Armour Shop.
 23237 | Orc:2    | Found Seuder's Antique Weapon Boutique.
 23239 | Orc:2    | Found Baurian's General Store.
 23239 | Orc:2    | Found Uscheed's Jewellery Shop.
 23244 | Orc:2    | 23244 ||| BUYING +5 ring of evasion (504 gold).
 23244 | Orc:2    | Bought a +5 ring of evasion for 504 gold pieces
 23244 | Orc:2    | 23244 ||| BUYING ring of ice (350 gold).
 23244 | Orc:2    | Bought a ring of ice for 350 gold pieces
 23244 | Orc:2    | 23244 ||| SHOPLISTING ring of resist corrosion (280 gold,
                  | have 113).
 23253 | Orc:2    | 23253 ||| SHOPLISTING runed cloak (210 gold, have 113).
 23255 | Orc:2    | 23255 ||| SHOPLISTING runed morningstar (231 gold, have
                  | 113).
 23298 | Orc:2    | 23298 ||| PLANNING SWAMP:1-3
 23298 | Orc:2    | 23298 ||| UPGRADING to +5 ring of evasion.
 23300 | Orc:2    | 23300 ||| DROPPING +6 ring of strength.
 23471 | Swamp:1  | Entered Level 1 of the Swamp
 23532 | Swamp:1  | 23532 ||| Stepping ~*~*~tactically~*~*~ (hiding).
 23534 | Swamp:1  | 23534 ||| Stepping ~*~*~tactically~*~*~ (hiding).
 23561 | Swamp:1  | 23561 ||| INVOKING Heroism.
 23564 | Swamp:1  | 23564 ||| SWAPPING to +2 heavy flail.
 23569 | Swamp:1  | 23569 ||| SWAPPING to +6 broad axe of freezing.
 23596 | Swamp:1  | 23596 ||| Stepping ~*~*~tactically~*~*~ (hiding).
 23597 | Swamp:1  | 23597 ||| Stepping ~*~*~tactically~*~*~ (hiding).
 23600 | Swamp:1  | 23600 ||| Stepping ~*~*~tactically~*~*~ (hiding).
 23611 | Swamp:1  | 23611 ||| Stepping ~*~*~tactically~*~*~ (hiding).
 23838 | Swamp:1  | 23838 ||| Stepping ~*~*~tactically~*~*~ (stealth).
 23842 | Swamp:1  | 23842 ||| Stepping ~*~*~tactically~*~*~ (hiding).
 23847 | Swamp:1  | 23847 ||| Stepping ~*~*~tactically~*~*~ (hiding).
 24051 | Swamp:1  | 24051 ||| INVOKING Heroism.
 24053 | Swamp:1  | Identified the +8 quarterstaff "Hydra's Undoing" {protect,
                  | Stlth+}
 24067 | Swamp:1  | Received a gift from Okawaru
 24070 | Swamp:1  | 24070 ||| INVOKING Heroism.
 24072 | Swamp:1  | HP: 27/108 [alligator[a spriggan druid] (18)]
 24073 | Swamp:1  | 24073 ||| READING 8 scrolls of teleportation.
 24074 | Swamp:1  | 24074 ||| DRINKING potion of heal wounds.
 24110 | Swamp:1  | 24110 ||| Stepping ~*~*~tactically~*~*~ (stealth).
 24111 | Swamp:1  | 24111 ||| Stepping ~*~*~tactically~*~*~ (stealth).
 24112 | Swamp:1  | 24112 ||| Stepping ~*~*~tactically~*~*~ (stealth).
 24113 | Swamp:1  | 24113 ||| INVOKING Heroism.
 24123 | Swamp:1  | 24123 ||| SWAPPING to +2 heavy flail.
 24126 | Swamp:1  | 24126 ||| SWAPPING to +6 broad axe of freezing.
 24356 | Swamp:1  | 24356 ||| INVOKING Heroism.
 24438 | Swamp:1  | 24438 ||| INVOKING Heroism.
 24531 | Swamp:2  | 24531 ||| Stepping ~*~*~tactically~*~*~ (hiding).
 24662 | Swamp:2  | 24662 ||| Stepping ~*~*~tactically~*~*~ (cloud).
 24684 | Swamp:2  | Received a gift from Okawaru
 24726 | Swamp:2  | 24726 ||| Stepping ~*~*~tactically~*~*~ (hiding).
 24728 | Swamp:2  | 24728 ||| Stepping ~*~*~tactically~*~*~ (hiding).
 24730 | Swamp:2  | 24730 ||| Stepping ~*~*~tactically~*~*~ (hiding).
 24733 | Swamp:2  | 24733 ||| Stepping ~*~*~tactically~*~*~ (hiding).
 24896 | Swamp:2  | 24896 ||| Stepping ~*~*~tactically~*~*~ (hiding).
 25008 | Swamp:2  | 25008 ||| INVOKING Heroism.
 25012 | Swamp:2  | Reached skill level 18 in Axes
 25129 | Swamp:2  | 25129 ||| FLEEEEING.
 25137 | Swamp:2  | Received a gift from Okawaru
 25205 | Swamp:2  | 25205 ||| Stepping ~*~*~tactically~*~*~ (hiding).
 25240 | Swamp:2  | Identified the +6 glaive "Ygisoeg" {freeze, rF- Int+6
                  | Stlth+}
 25431 | Swamp:2  | 25431 ||| DROPPING ring of magical power.
 25508 | Swamp:3  | 25508 ||| Stepping ~*~*~tactically~*~*~ (hiding).
 25513 | Swamp:3  | 25513 ||| INVOKING Heroism.
 25560 | Swamp:3  | 25560 ||| Stepping ~*~*~tactically~*~*~ (stealth).
 25652 | Swamp:3  | Received a gift from Okawaru
 25661 | Swamp:3  | 25661 ||| FLEEEEING.
 25662 | Swamp:3  | 25662 ||| FLEEEEING.
 25663 | Swamp:3  | 25663 ||| FLEEEEING.
 25664 | Swamp:3  | 25664 ||| FLEEEEING.
 25665 | Swamp:3  | 25665 ||| FLEEEEING.
 25675 | Swamp:3  | Reached skill level 13 in Armour
 25817 | Swamp:3  | 25817 ||| Stepping ~*~*~tactically~*~*~ (stealth).
 25891 | Swamp:3  | 25891 ||| INVOKING Heroism.
 25892 | Swamp:3  | 25892 ||| SWAPPING to +2 heavy flail.
 25897 | Swamp:3  | 25897 ||| SWAPPING to +6 broad axe of freezing.
 25911 | Swamp:3  | 25911 ||| READING scroll of enchant weapon.
 25911 | Swamp:3  | 25911 ||| ENCHANTING +6 broad axe of freezing.
 25940 | Swamp:3  | 25940 ||| Stepping ~*~*~tactically~*~*~ (stealth).
 25949 | Swamp:3  | 25949 ||| Stepping ~*~*~tactically~*~*~ (stealth).
 26142 | Swamp:3  | 26142 ||| PLANNING SPIDER:1-3
 26272 | Spider:1 | Entered Level 1 of the Spider Nest
 26279 | Spider:1 | 26279 ||| INVOKING Finesse.
 26385 | Spider:1 | 26385 ||| INVOKING Heroism.
 26637 | Spider:1 | Noticed Aizul
 26638 | Spider:1 | 26638 ||| INVOKING Heroism.
 26639 | Spider:1 | 26639 ||| INVOKING Finesse.
 26648 | Spider:1 | Killed Aizul
 26689 | Spider:1 | 26689 ||| Stepping ~*~*~tactically~*~*~ (stealth).
 26710 | Spider:1 | 26710 ||| FLEEEEING.
 26711 | Spider:1 | 26711 ||| FLEEEEING.
 26888 | Spider:1 | Noticed Josephine
 26889 | Spider:1 | 26889 ||| Stepping ~*~*~tactically~*~*~ (stealth).
 26894 | Spider:1 | 26894 ||| INVOKING Finesse.
 26916 | Spider:1 | Killed Josephine
 26916 | Spider:1 | Identified the +13 crystal plate armour of Yputoso {+Inv
                  | MP+9 Stlth-} (Okawaru gifted it to you on level 1 of the
                  | Spider Nest)
 26916 | Spider:1 | Received a gift from Okawaru
 26928 | Spider:1 | 26928 ||| INVOKING Heroism.
 27151 | Spider:1 | 27151 ||| INVOKING Heroism.
 27197 | Spider:1 | 27197 ||| Stepping ~*~*~tactically~*~*~ (hiding).
 27211 | Spider:1 | 27211 ||| Stepping ~*~*~tactically~*~*~ (stealth).
 27213 | Spider:1 | 27213 ||| Stepping ~*~*~tactically~*~*~ (hiding).
 27220 | Spider:1 | 27220 ||| INVOKING Heroism.
 27232 | Spider:1 | Reached XP level 18. HP: 96/115 MP: 23/25
 27235 | Spider:1 | 27235 ||| Stepping ~*~*~tactically~*~*~ (stealth).
 27265 | Spider:1 | 27265 ||| Stepping ~*~*~tactically~*~*~ (stealth).
 27291 | Spider:1 | 27291 ||| DROPPING +2 heavy flail.
 27372 | Spider:1 | 27372 ||| INVOKING Heroism.
 27389 | Spider:1 | 27389 ||| READING scroll of brand weapon.
 27389 | Spider:1 | 27389 ||| BRANDING +7 broad axe of freezing.
 27548 | Spider:1 | 27548 ||| DROPPING +2 leather armour of Ychagg {Fly rC+
                  | rCorr}.
 27549 | Spider:1 | 27549 ||| DROPPING +0 acid dragon scales.
 27550 | Spider:1 | 27550 ||| UPGRADING to +13 crystal plate armour of Yputoso
                  | {+Inv MP+9 Stlth-}.
 27598 | Spider:1 | 27598 ||| DROPPING +4 plate armour of positive energy.
 27599 | Spider:1 | 27599 ||| DROPPING +6 ring of dexterity.
 27626 | Spider:2 | Noticed Kirke
 27627 | Spider:2 | 27627 ||| Stepping ~*~*~tactically~*~*~ (stealth).
 27632 | Spider:2 | 27632 ||| INVOKING Heroism.
 27645 | Spider:2 | 27645 ||| DRINKING 3 potions of cancellation.
 27655 | Spider:2 | 27655 ||| DRINKING 4 potions of curing.
 27655 | Spider:2 | 27655 ||| (to cure confusion)
 27656 | Spider:2 | 27656 ||| DRINKING 2 potions of cancellation.
 27659 | Spider:2 | Killed Kirke
 27832 | Spider:2 | 27832 ||| Stepping ~*~*~tactically~*~*~ (stealth).
 27834 | Spider:2 | 27834 ||| Stepping ~*~*~tactically~*~*~ (stealth).
 27835 | Spider:2 | 27835 ||| INVOKING Heroism.
 27884 | Spider:2 | Noticed Agnes
 27891 | Spider:2 | 27891 ||| INVOKING Heroism.
 27921 | Spider:2 | Killed Agnes
 27930 | Spider:2 | Reached skill level 14 in Armour
 28007 | Spider:2 | 28007 ||| Stepping ~*~*~tactically~*~*~ (hiding).
 28013 | Spider:2 | 28013 ||| INVOKING Heroism.
 28049 | Spider:2 | 28049 ||| Stepping ~*~*~tactically~*~*~ (stealth).
 28165 | Spider:2 | 28165 ||| Stepping ~*~*~tactically~*~*~ (stealth).
 28326 | Spider:2 | 28326 ||| INVOKING Heroism.
 28467 | Spider:2 | 28467 ||| INVOKING Heroism.
 28650 | Spider:2 | 28650 ||| INVOKING Heroism.
 28798 | Spider:2 | Reached skill level 15 in Armour
 28915 | Spider:2 | 28915 ||| READING scroll of acquirement.
 28915 | Spider:2 | 28915 ||| ACQUIRING 813 gold pieces
 28915 | Spider:2 | Acquired 813 gold pieces
 29000 | Spider:2 | Found a runed translucent gate.
 29003 | Spider:2 | Found a runed translucent gate.
 29004 | Spider:2 | Found a runed translucent gate.
 29005 | Spider:2 | Noticed Qyadack's ghost (adept HOFi)
 29005 | Spider:2 | Noticed Qyadack's ghost (adept HOFi)
 29005 | Spider:2 | Noticed endersaim's ghost (adept MfSk)
 29039 | Spider:2 | 29039 ||| INVOKING Heroism.
 29203 | Spider:3 | 29203 ||| Stepping ~*~*~tactically~*~*~ (stealth).
 29222 | Spider:3 | 29222 ||| Stepping ~*~*~tactically~*~*~ (stealth).
 29238 | Spider:3 | 29238 ||| Stepping ~*~*~tactically~*~*~ (stealth).
 29252 | Spider:3 | 29252 ||| Stepping ~*~*~tactically~*~*~ (stealth).
 29275 | Spider:3 | 29275 ||| Stepping ~*~*~tactically~*~*~ (stealth).
 29277 | Spider:3 | 29277 ||| Stepping ~*~*~tactically~*~*~ (stealth).
 29282 | Spider:3 | 29282 ||| Stepping ~*~*~tactically~*~*~ (stealth).
 29284 | Spider:3 | 29284 ||| Stepping ~*~*~tactically~*~*~ (stealth).
 29300 | Spider:3 | 29300 ||| Stepping ~*~*~tactically~*~*~ (hiding).
 29433 | Spider:3 | Noticed Bai Suzhen
 29434 | Spider:3 | 29434 ||| INVOKING Heroism.
 29436 | Spider:3 | 29436 ||| Stepping ~*~*~tactically~*~*~ (stealth).
 29437 | Spider:3 | 29437 ||| Stepping ~*~*~tactically~*~*~ (hiding).
 29455 | Spider:3 | Killed Bai Suzhen
 29456 | Spider:3 | 29456 ||| Stepping ~*~*~tactically~*~*~ (cloud).
 29476 | Spider:3 | 29476 ||| Stepping ~*~*~tactically~*~*~ (stealth).
 29477 | Spider:3 | 29477 ||| Stepping ~*~*~tactically~*~*~ (stealth).
 29478 | Spider:3 | 29478 ||| Stepping ~*~*~tactically~*~*~ (stealth).
 29479 | Spider:3 | 29479 ||| Stepping ~*~*~tactically~*~*~ (stealth).
 29480 | Spider:3 | 29480 ||| Stepping ~*~*~tactically~*~*~ (stealth).
 29483 | Spider:3 | 29483 ||| INVOKING Heroism.
 29502 | Spider:3 | 29502 ||| Stepping ~*~*~tactically~*~*~ (stealth).
 29521 | Spider:3 | Reached skill level 16 in Armour
 29529 | Spider:3 | 29529 ||| DRINKING 4 potions of curing.
 29529 | Spider:3 | 29529 ||| (to cure confusion)
 29579 | Spider:3 | 29579 ||| Stepping ~*~*~tactically~*~*~ (stealth).
 29580 | Spider:3 | 29580 ||| Stepping ~*~*~tactically~*~*~ (stealth).
 29583 | Spider:3 | 29583 ||| Stepping ~*~*~tactically~*~*~ (stealth).
 29593 | Spider:3 | 29593 ||| Stepping ~*~*~tactically~*~*~ (stealth).
 29598 | Spider:3 | 29598 ||| INVOKING Heroism.
 29645 | Spider:3 | 29645 ||| Stepping ~*~*~tactically~*~*~ (stealth).
 29945 | Spider:3 | Noticed Arachne
 29946 | Spider:3 | 29946 ||| Stepping ~*~*~tactically~*~*~ (hiding).
 29956 | Spider:3 | 29956 ||| Stepping ~*~*~tactically~*~*~ (hiding).
 29973 | Spider:3 | Received a gift from Okawaru
 29978 | Spider:3 | Killed Arachne
 30223 | Spider:3 | 30223 ||| PLANNING SWAMP:4
 30371 | Swamp:4  | Entered Level 4 of the Swamp
 30398 | Swamp:4  | 30398 ||| INVOKING Heroism.
 30412 | Swamp:4  | Reached skill level 17 in Armour
 30527 | Swamp:4  | Received a gift from Okawaru
 30545 | Swamp:4  | 30545 ||| INVOKING Heroism.
 30649 | Swamp:4  | Noticed Mlioglotl
 30650 | Swamp:4  | 30650 ||| INVOKING Heroism.
 30658 | Swamp:4  | Killed Mlioglotl
 30875 | Swamp:4  | 30875 ||| Stepping ~*~*~tactically~*~*~ (hiding).
 30876 | Swamp:4  | 30876 ||| Stepping ~*~*~tactically~*~*~ (hiding).
 30878 | Swamp:4  | 30878 ||| Stepping ~*~*~tactically~*~*~ (hiding).
 31039 | Swamp:4  | 31039 ||| Stepping ~*~*~tactically~*~*~ (hiding).
 31151 | Swamp:4  | 31151 ||| Stepping ~*~*~tactically~*~*~ (hiding).
 31260 | Swamp:4  | 31260 ||| INVOKING Heroism.
 31276 | Swamp:4  | Noticed the 27-headed Lernaean hydra
 31278 | Swamp:4  | Reached skill level 15 in Fighting
 31300 | Swamp:4  | Killed the 27-headed Lernaean hydra
 31300 | Swamp:4  | HP: 28/119 [18-headed hydra (2)]
 31301 | Swamp:4  | 31301 ||| READING 9 scrolls of teleportation.
 31578 | Swamp:4  | 31578 ||| Stepping ~*~*~tactically~*~*~ (stealth).
 31580 | Swamp:4  | 31580 ||| INVOKING Heroism.
 31587 | Swamp:4  | Reached XP level 19. HP: 124/124 MP: 26/26
 31632 | Swamp:4  | 31632 ||| INVOKING Heroism.
 31642 | Swamp:4  | 31642 ||| Stepping ~*~*~tactically~*~*~ (stealth).
 31655 | Swamp:4  | 31655 ||| Stepping ~*~*~tactically~*~*~ (hiding).
 31658 | Swamp:4  | 31658 ||| Stepping ~*~*~tactically~*~*~ (hiding).
 31660 | Swamp:4  | 31660 ||| Stepping ~*~*~tactically~*~*~ (hiding).
 31661 | Swamp:4  | 31661 ||| Stepping ~*~*~tactically~*~*~ (hiding).
 31740 | Swamp:4  | 31740 ||| INVOKING Heroism.
 31789 | Swamp:4  | Got a decaying rune of Zot
 31859 | Swamp:4  | 31859 ||| PLANNING VAULTS:1-4
 31859 | Swamp:4  | 31859 ||| UPGRADING to +0 tower shield.
 31869 | Swamp:4  | 31869 ||| DROPPING +1 kite shield of fire resistance.
 31882 | Swamp:4  | 31882 ||| INVOKING Heroism.
 32178 | Vaults:1 | Entered Level 1 of the Vaults
 32186 | Vaults:1 | Received a gift from Okawaru
 32224 | Vaults:1 | 32224 ||| Stepping ~*~*~tactically~*~*~ (hiding).
 32534 | Vaults:1 | 32534 ||| Stepping ~*~*~tactically~*~*~ (hiding).
 32535 | Vaults:1 | 32535 ||| Stepping ~*~*~tactically~*~*~ (hiding).
 32536 | Vaults:1 | 32536 ||| INVOKING Heroism.
 32601 | Vaults:1 | 32601 ||| Stepping ~*~*~tactically~*~*~ (hiding).
 32614 | Vaults:1 | Reached skill level 15 in Shields
 32835 | Vaults:1 | 32835 ||| Stepping ~*~*~tactically~*~*~ (hiding).
 33039 | Vaults:1 | 33039 ||| Stepping ~*~*~tactically~*~*~ (hiding).
 33152 | Vaults:1 | 33152 ||| Stepping ~*~*~tactically~*~*~ (hiding).
 33265 | Vaults:1 | 33265 ||| Stepping ~*~*~tactically~*~*~ (stealth).
 33266 | Vaults:1 | 33266 ||| Stepping ~*~*~tactically~*~*~ (stealth).
 33269 | Vaults:1 | 33269 ||| Stepping ~*~*~tactically~*~*~ (stealth).
 33292 | Vaults:1 | 33292 ||| INVOKING Heroism.
 33294 | Vaults:1 | Received a gift from Okawaru
 33541 | Vaults:1 | 33541 ||| Stepping ~*~*~tactically~*~*~ (hiding).
 33868 | Vaults:2 | Noticed Mara
 33869 | Vaults:2 | 33869 ||| INVOKING Heroism.
 33883 | Vaults:2 | Noticed qw's illusion
 33885 | Vaults:2 | HP: 28/124 [Mara/bolt of fire (30)]
 33886 | Vaults:2 | 33886 ||| READING 9 scrolls of teleportation.
 33887 | Vaults:2 | 33887 ||| DRINKING potion of heal wounds.
 33892 | Vaults:2 | 33892 ||| INVOKING Heroism.
 33924 | Vaults:2 | Killed Mara
 33924 | Vaults:2 | Received a gift from Okawaru
 33945 | Vaults:2 | 33945 ||| INVOKING Heroism.
 34136 | Vaults:2 | Found a portal to a secret trove of treasure.
 34165 | Vaults:2 | 34165 ||| Stepping ~*~*~tactically~*~*~ (stealth).
 34167 | Vaults:2 | 34167 ||| Stepping ~*~*~tactically~*~*~ (stealth).
 34179 | Abyss:2  | Found a corrupted altar of Lugonu.
 34179 | Abyss:2  | Cast into level 2 of the Abyss (a wizard)
 34182 | Abyss:2  | Found a corrupted altar of Lugonu.
 34188 | Abyss:2  | Found a corrupted altar of Lugonu.
 34250 | Abyss:2  | 34250 ||| Stepping ~*~*~tactically~*~*~ (stealth).
 34257 | Abyss:2  | Received a gift from Okawaru
 34279 | Abyss:2  | 34279 ||| Stepping ~*~*~tactically~*~*~ (stealth).
 34288 | Abyss:2  | 34288 ||| Stepping ~*~*~tactically~*~*~ (stealth).
 34289 | Abyss:2  | 34289 ||| Stepping ~*~*~tactically~*~*~ (stealth).
 34291 | Abyss:2  | 34291 ||| Stepping ~*~*~tactically~*~*~ (stealth).
 34302 | Abyss:2  | 34302 ||| Stepping ~*~*~tactically~*~*~ (stealth).
 34321 | Abyss:2  | 34321 ||| Stepping ~*~*~tactically~*~*~ (stealth).
 34324 | Abyss:2  | 34324 ||| Stepping ~*~*~tactically~*~*~ (stealth).
 34395 | Abyss:2  | Received a gift from Okawaru
 34474 | Abyss:2  | Gained mutation: You occasionally shout uncontrollably at
                  | your foes. [a neqoxec]
 34476 | Abyss:2  | Gained mutation: You are clumsy. (Dex -2) [a neqoxec]
 34520 | Abyss:2  | 34520 ||| Stepping ~*~*~tactically~*~*~ (hiding).
 34551 | Abyss:2  | 34551 ||| Stepping ~*~*~tactically~*~*~ (stealth).
 34580 | Abyss:2  | 34580 ||| Stepping ~*~*~tactically~*~*~ (hiding).
 34581 | Abyss:2  | 34581 ||| Stepping ~*~*~tactically~*~*~ (hiding).
 34598 | Abyss:2  | 34598 ||| Stepping ~*~*~tactically~*~*~ (hiding).
 34600 | Vaults:2 | Escaped the Abyss
 34631 | Vaults:2 | 34631 ||| READING scroll of brand weapon.
 34631 | Vaults:2 | 34631 ||| BRANDING +7 broad axe of venom.
 34662 | Vaults:2 | Reached skill level 18 in Shields
 34710 | Vaults:2 | 34710 ||| INVOKING Finesse.
 34726 | Vaults:2 | Reached skill level 18 in Armour
 34731 | Vaults:2 | Identified the +1 robe "Hiopto" {Rampage Regen+} (Okawaru
                  | gifted it to you on level 2 of the Vaults)
 34731 | Vaults:2 | Received a gift from Okawaru
 34752 | Vaults:2 | 34752 ||| Stepping ~*~*~tactically~*~*~ (hiding).
 34770 | Vaults:2 | Reached XP level 20. HP: 95/129 MP: 27/27
 34778 | Vaults:2 | 34778 ||| INVOKING Heroism.
 35092 | Vaults:2 | 35092 ||| Stepping ~*~*~tactically~*~*~ (stealth).
 35128 | Vaults:2 | 35128 ||| INVOKING Heroism.
 35265 | Vaults:2 | 35265 ||| Stepping ~*~*~tactically~*~*~ (hiding).
 35275 | Vaults:2 | 35275 ||| DRINKING 5 potions of curing.
 35275 | Vaults:2 | 35275 ||| (to cure confusion)
 35670 | Vaults:2 | 35670 ||| FLEEEEING.
 35671 | Vaults:2 | 35671 ||| FLEEEEING.
 35672 | Vaults:2 | 35672 ||| FLEEEEING.
 35673 | Vaults:2 | 35673 ||| FLEEEEING.
 35677 | Vaults:2 | 35677 ||| STAIRDANCE
 35803 | Vaults:2 | 35803 ||| Stepping ~*~*~tactically~*~*~ (hiding).
 36068 | Vaults:2 | 36068 ||| Stepping ~*~*~tactically~*~*~ (hiding).
 36070 | Vaults:2 | 36070 ||| Stepping ~*~*~tactically~*~*~ (hiding).
 36075 | Abyss:3  | Cast into level 3 of the Abyss (a wizard)
 36104 | Abyss:3  | Noticed a bone dragon
 36111 | Abyss:3  | Killed a bone dragon
 36116 | Abyss:3  | 36116 ||| INVOKING Heroism.
 36134 | Abyss:3  | 36134 ||| Stepping ~*~*~tactically~*~*~ (stealth).
 36138 | Abyss:3  | 36138 ||| Stepping ~*~*~tactically~*~*~ (stealth).
 36139 | Abyss:3  | 36139 ||| Stepping ~*~*~tactically~*~*~ (stealth).
 36146 | Abyss:3  | 36146 ||| Stepping ~*~*~tactically~*~*~ (stealth).
 36266 | Abyss:3  | 36266 ||| Stepping ~*~*~tactically~*~*~ (hiding).
 36267 | Abyss:3  | 36267 ||| Stepping ~*~*~tactically~*~*~ (hiding).
 36282 | Abyss:3  | 36282 ||| INVOKING Heroism.
 36297 | Abyss:3  | 36297 ||| Stepping ~*~*~tactically~*~*~ (stealth).
 36299 | Abyss:3  | 36299 ||| Stepping ~*~*~tactically~*~*~ (stealth).
 36626 | Abyss:3  | 36626 ||| Stepping ~*~*~tactically~*~*~ (stealth).
 36628 | Abyss:3  | 36628 ||| Stepping ~*~*~tactically~*~*~ (hiding).
 36632 | Abyss:3  | 36632 ||| Stepping ~*~*~tactically~*~*~ (stealth).
 36643 | Abyss:3  | Reached skill level 19 in Armour
 36657 | Vaults:2 | Escaped the Abyss
 36792 | Vaults:2 | 36792 ||| INVOKING Heroism.
 36804 | Vaults:2 | Found a staircase to the Crypt.
 36804 | Vaults:2 | Found a basalt altar of Yredelemnul.
 36804 | Vaults:2 | Found an ancient bone altar of Kikubaaqudgha.
 37135 | Vaults:3 | 37135 ||| Stepping ~*~*~tactically~*~*~ (stealth).
 37144 | Vaults:3 | Received a gift from Okawaru
 37215 | Vaults:3 | Found Ototejug's Magic Scroll Shop.
 37220 | Vaults:3 | 37220 ||| BUYING scroll of teleportation (63 gold).
 37220 | Vaults:3 | Bought a scroll of teleportation for 63 gold pieces
 37220 | Vaults:3 | 37220 ||| BUYING scroll of teleportation (63 gold).
 37220 | Vaults:3 | Bought a scroll of teleportation for 63 gold pieces
 37251 | Vaults:3 | 37251 ||| Stepping ~*~*~tactically~*~*~ (hiding).
 37299 | Vaults:3 | 37299 ||| INVOKING Heroism.
 37302 | Abyss:3  | Cast into level 3 of the Abyss (a wizard)
 37306 | Abyss:3  | Noticed a dread lich
 37307 | Abyss:3  | 37307 ||| Stepping ~*~*~tactically~*~*~ (stealth).
 37313 | Abyss:3  | 37313 ||| INVOKING Finesse.
 37318 | Abyss:3  | Killed a dread lich
 37430 | Abyss:3  | 37430 ||| Stepping ~*~*~tactically~*~*~ (hiding).
 37432 | Abyss:3  | 37432 ||| Stepping ~*~*~tactically~*~*~ (hiding).
 37439 | Abyss:3  | 37439 ||| Stepping ~*~*~tactically~*~*~ (stealth).
 37443 | Abyss:3  | Received a gift from Okawaru
 37454 | Abyss:3  | 37454 ||| INVOKING Heroism.
 37480 | Abyss:3  | 37480 ||| INVOKING Heroism.
 37509 | Abyss:3  | Reached XP level 21. HP: 109/139 MP: 28/28
 37519 | Vaults:3 | Escaped the Abyss
 37640 | Vaults:3 | 37640 ||| INVOKING Heroism.
 37641 | Vaults:3 | 37641 ||| INVOKING Finesse.
 37674 | Vaults:3 | 37674 ||| INVOKING Heroism.
 37800 | Vaults:3 | Found a transporter.
 37811 | Vaults:3 | Found a transporter.
 37858 | Abyss:3  | Cast into level 3 of the Abyss (a wizard)
 37860 | Abyss:3  | 37860 ||| INVOKING Heroism.
 37891 | Abyss:3  | 37891 ||| Stepping ~*~*~tactically~*~*~ (stealth).
 37892 | Abyss:3  | 37892 ||| Stepping ~*~*~tactically~*~*~ (stealth).
 37900 | Abyss:3  | 37900 ||| Stepping ~*~*~tactically~*~*~ (stealth).
 37904 | Abyss:3  | 37904 ||| Stepping ~*~*~tactically~*~*~ (cloud).
 37912 | Abyss:3  | 37912 ||| Stepping ~*~*~tactically~*~*~ (hiding).
 37916 | Abyss:3  | 37916 ||| INVOKING Heroism.
 37920 | Abyss:3  | 37920 ||| Stepping ~*~*~tactically~*~*~ (hiding).
 38002 | Abyss:3  | 38002 ||| INVOKING Heroism.
 38029 | Abyss:3  | 38029 ||| Stepping ~*~*~tactically~*~*~ (hiding).
 38058 | Abyss:3  | Gained mutation: Your flesh is heat resistant. (rF+) [a
                  | neqoxec]
 38072 | Abyss:3  | 38072 ||| Stepping ~*~*~tactically~*~*~ (stealth).
 38075 | Abyss:3  | 38075 ||| Stepping ~*~*~tactically~*~*~ (stealth).
 38098 | Abyss:3  | Reached skill level 20 in Armour
 38120 | Abyss:3  | 38120 ||| INVOKING Heroism.
 38143 | Vaults:3 | Escaped the Abyss
 38370 | Vaults:3 | 38370 ||| Stepping ~*~*~tactically~*~*~ (hiding).
 38371 | Vaults:3 | 38371 ||| Stepping ~*~*~tactically~*~*~ (hiding).
 38372 | Vaults:3 | 38372 ||| Stepping ~*~*~tactically~*~*~ (hiding).
 38373 | Vaults:3 | 38373 ||| Stepping ~*~*~tactically~*~*~ (hiding).
 38396 | Vaults:3 | 38396 ||| FLEEEEING.
 38397 | Vaults:3 | 38397 ||| FLEEEEING.
 38398 | Vaults:3 | 38398 ||| FLEEEEING.
 38400 | Vaults:3 | 38400 ||| STAIRDANCE
 38502 | Vaults:2 | 38502 ||| UPGRADING to +1 tower shield of protection.
 38512 | Vaults:2 | 38512 ||| DROPPING +0 tower shield.
 38516 | Vaults:3 | 38516 ||| STAIRDANCE
 38555 | Vaults:3 | Received a gift from Okawaru
 38616 | Vaults:3 | Found Zufupn's Weapon Boutique.
 38708 | Vaults:3 | Found Risar's Assorted Antiques.
 38709 | Vaults:3 | 38709 ||| Stepping ~*~*~tactically~*~*~ (hiding).
 38712 | Vaults:3 | 38712 ||| Stepping ~*~*~tactically~*~*~ (hiding).
 38715 | Vaults:3 | 38715 ||| Stepping ~*~*~tactically~*~*~ (hiding).
 38719 | Vaults:3 | 38719 ||| Stepping ~*~*~tactically~*~*~ (hiding).
 38839 | Vaults:3 | 38839 ||| BUYING 3 scrolls of enchant armour (1012 gold).
 38839 | Vaults:3 | Bought 3 scrolls of enchant armour for 1012 gold pieces
 38839 | Vaults:3 | 38839 ||| BUYING scroll of brand weapon (427 gold).
 38839 | Vaults:3 | Bought a scroll of brand weapon for 427 gold pieces
 38839 | Vaults:3 | 38839 ||| READING scroll of brand weapon.
 38839 | Vaults:3 | 38839 ||| BRANDING +7 heavy broad axe.
 38905 | Vaults:3 | 38905 ||| INVOKING Finesse.
 38932 | Vaults:3 | 38932 ||| INVOKING Heroism.
 38955 | Vaults:3 | Received a gift from Okawaru
 38957 | Vaults:3 | 38957 ||| FLEEEEING.
 38959 | Vaults:3 | 38959 ||| FLEEEEING.
 38960 | Vaults:3 | 38960 ||| FLEEEEING.
 38961 | Vaults:3 | 38961 ||| FLEEEEING.
 38962 | Vaults:3 | 38962 ||| FLEEEEING.
 38963 | Vaults:3 | 38963 ||| FLEEEEING.
 38964 | Vaults:3 | 38964 ||| FLEEEEING.
 39242 | Vaults:3 | Found Vamul's Weapon Emporium.
 39379 | Vaults:3 | Found Biorere's Magic Scroll Shop.
 39382 | Vaults:3 | 39382 ||| BUYING scroll of enchant armour (127 gold).
 39382 | Vaults:3 | Bought a scroll of enchant armour for 127 gold pieces
 39382 | Vaults:3 | 39382 ||| BUYING scroll of teleportation (51 gold).
 39382 | Vaults:3 | Bought a scroll of teleportation for 51 gold pieces
 39438 | Vaults:4 | Reached skill level 18 in Fighting
 39484 | Vaults:4 | 39484 ||| FLEEEEING.
 39485 | Vaults:4 | 39485 ||| FLEEEEING.
 39486 | Vaults:4 | 39486 ||| FLEEEEING.
 39487 | Vaults:4 | 39487 ||| FLEEEEING.
 39505 | Vaults:4 | 39505 ||| FLEEEEING.
 39506 | Vaults:4 | 39506 ||| FLEEEEING.
 39571 | Vaults:4 | Found Ditef's Weapon Emporium.
 39608 | Vaults:4 | 39608 ||| Stepping ~*~*~tactically~*~*~ (hiding).
 39609 | Vaults:4 | 39609 ||| Stepping ~*~*~tactically~*~*~ (hiding).
 39808 | Vaults:4 | 39808 ||| Stepping ~*~*~tactically~*~*~ (hiding).
 39955 | Vaults:4 | Found Qenim's Weapon Boutique.
 39966 | Vaults:4 | Identified the +6 scale mail "Ajeoseah" {Dex+4}
 40007 | Vaults:4 | Found Lugaejed's Antique Weapon Shop.
 40062 | Vaults:4 | 40062 ||| Stepping ~*~*~tactically~*~*~ (hiding).
 40064 | Vaults:4 | 40064 ||| Stepping ~*~*~tactically~*~*~ (hiding).
 40065 | Vaults:4 | 40065 ||| Stepping ~*~*~tactically~*~*~ (hiding).
 40066 | Vaults:4 | 40066 ||| Stepping ~*~*~tactically~*~*~ (hiding).
 40067 | Vaults:4 | 40067 ||| Stepping ~*~*~tactically~*~*~ (hiding).
 40068 | Vaults:4 | 40068 ||| Stepping ~*~*~tactically~*~*~ (hiding).
 40213 | Vaults:4 | Found Pybboimm's Magic Scroll Shop.
 40221 | Vaults:4 | 40221 ||| BUYING scroll of enchant armour (120 gold).
 40221 | Vaults:4 | Bought a scroll of enchant armour for 120 gold pieces
 40406 | Vaults:4 | 40406 ||| INVOKING Heroism.
 40407 | Vaults:4 | 40407 ||| INVOKING Finesse.
 40409 | Vaults:4 | Received a gift from Okawaru
 40593 | Vaults:4 | 40593 ||| INVOKING Heroism.
 40594 | Vaults:4 | 40594 ||| INVOKING Finesse.
 40724 | Vaults:4 | 40724 ||| Stepping ~*~*~tactically~*~*~ (hiding).
 40725 | Vaults:4 | 40725 ||| Stepping ~*~*~tactically~*~*~ (hiding).
 40789 | Vaults:4 | 40789 ||| PLANNING SPIDER:4
 41121 | Spider:4 | Entered Level 4 of the Spider Nest
 41122 | Spider:4 | 41122 ||| INVOKING Finesse.
 41122 | Spider:4 | Noticed Asterion
 41123 | Spider:4 | 41123 ||| INVOKING Heroism.
 41146 | Spider:4 | 41146 ||| DRINKING 5 potions of curing.
 41146 | Spider:4 | 41146 ||| (to cure confusion)
 41150 | Spider:4 | Killed Asterion
 41151 | Spider:4 | Reached skill level 21 in Armour
 41216 | Spider:4 | 41216 ||| SWAPPING to +2 spectral broad axe.
 41223 | Spider:4 | 41223 ||| Stepping ~*~*~tactically~*~*~ (hiding).
 41229 | Spider:4 | Found a frozen archway.
 41230 | Spider:4 | 41230 ||| INVOKING Heroism.
 41237 | Spider:4 | Noticed Roxanne
 41246 | Spider:4 | 41246 ||| Stepping ~*~*~tactically~*~*~ (cloud).
 41267 | Spider:4 | 41267 ||| Stepping ~*~*~tactically~*~*~ (stealth).
 41286 | Spider:4 | Noticed Louise
 41297 | Spider:4 | Killed Louise
 41309 | Spider:4 | 41309 ||| Stepping ~*~*~tactically~*~*~ (stealth).
 41310 | Spider:4 | 41310 ||| Stepping ~*~*~tactically~*~*~ (stealth).
 41311 | Spider:4 | 41311 ||| Stepping ~*~*~tactically~*~*~ (stealth).
 41347 | Spider:4 | 41347 ||| Stepping ~*~*~tactically~*~*~ (stealth).
 41437 | Spider:4 | 41437 ||| Stepping ~*~*~tactically~*~*~ (stealth).
 41439 | Spider:4 | 41439 ||| Stepping ~*~*~tactically~*~*~ (hiding).
 41523 | Spider:4 | Killed Roxanne
 41572 | Spider:4 | Reached XP level 22. HP: 148/148 MP: 29/29
 41628 | Spider:4 | 41628 ||| Stepping ~*~*~tactically~*~*~ (hiding).
 41642 | Spider:4 | 41642 ||| INVOKING Heroism.
 42091 | Spider:4 | 42091 ||| Stepping ~*~*~tactically~*~*~ (stealth).
 42616 | Spider:4 | Got a gossamer rune of Zot
 42866 | Spider:4 | 42866 ||| PLANNING DEPTHS
 42866 | Spider:4 | 42866 ||| DROPPING +1 hat of intelligence.
 43118 | Depths:1 | Entered Level 1 of the Depths
 43127 | Depths:1 | Received a gift from Okawaru
 43217 | Depths:1 | 43217 ||| INVOKING Heroism.
 43224 | Depths:1 | HP: 31/149 [deep troll (13)]
 43225 | Depths:1 | 43225 ||| READING 11 scrolls of teleportation.
 43229 | Depths:1 | 43229 ||| READING 10 scrolls of teleportation.
 43231 | Depths:1 | HP: 12/149 [anaconda (glowing shapeshifter) (7)]
 43233 | Depths:1 | 43233 ||| READING 9 scrolls of teleportation.
 43235 | Depths:1 | HP: 2/149 [frost giant/+0 battleaxe of freezing (12)]
 43611 | Depths:1 | 43611 ||| Stepping ~*~*~tactically~*~*~ (stealth).
 43620 | Depths:1 | 43620 ||| INVOKING Heroism.
 43663 | Depths:1 | Reached skill level 22 in Armour
 43701 | Depths:1 | 43701 ||| INVOKING Finesse.
 43706 | Depths:1 | Received a gift from Okawaru
 43768 | Depths:1 | Found a shadowy altar of Dithmenos.
 43937 | Depths:1 | Found a hazy altar of Hepliaklqana.
 43941 | Depths:1 | 43941 ||| Stepping ~*~*~tactically~*~*~ (hiding).
 43990 | Depths:1 | Found a one-way gate leading to the halls of Pandemonium.
 44002 | Depths:1 | 44002 ||| INVOKING Heroism.
 44018 | Depths:1 | Received a gift from Okawaru
 44018 | Depths:1 | Identified the +8 demon trident of Demonkind {vamp, +Blink
                  | rElec Str+3}
 44020 | Depths:1 | Found a gateway to Hell.
 44027 | Depths:1 | HP: 31/149 [smoke demon/divine providence (9)]
 44028 | Depths:1 | 44028 ||| READING 8 scrolls of teleportation.
 44028 | Depths:1 | HP: 6/149 [reaper/+4 scythe of venom (16)]
 44029 | Depths:1 | 44029 ||| INVOKING Heroism.
 44029 | Depths:1 | Killed from afar by a smoke demon

Levels and vault maps discovered:
D:1:      dpeg_arrival_arbitrary_b, layout_basic
D:2:      layout_basic, hellmonk_ecumenical_altar_slurped_away, eino_curves_03,
          bh_walls_and_bars
D:3:      layout_loops_corners, nicolae_tso_carved_into_rock,
          nicolae_elyvilon_peaceful_grove, slow_altar_2
D:4:      layout_rooms, roderic_three_in_a_row, uniq_edmund
D:5:      layout_rooms, minmay_temple_entry_glassed_door, serial_shops,
          nicolae_shop_tiny_waterfront
D:6:      layout_loops_cross, mainiacjoe_overflow_alcove_4,
          makhleb_blood_cavern_becter, nicolae_overflow_hidden_temple,
          roderic_batcave, uniq_sigmund, uniq_crazy_yiuf_cottage
D:7:      nicolae_cairo_tiling_very_big, layout_gridville,
          mainiacjoe_overflow_alcove_2, serial_shops, shop,
          serial_bayou_crossing
D:8:      layout_basic, mainiacjoe_overflow_big_doors, uniq_maurice,
          uniq_joseph, uniq_erica
D:9:      layout_small_grid, lemuel_crystal_altar, dpeg_oklobed_lair,
          orc_0_dummy, chequers_serial_rivers_micro_b, dk_noncrumbling_4,
          nicolae_diode_intersection
D:10:     layout_loops_ring, special_room [special_room_bee], serial_shops,
          shop, minivault_16, corexii_leaking_fountain
D:11:     layout_stronghold, gammafunk_ghost_stat_death
D:12:     layout_small_grid
D:13:     layout_basic
D:14:     layout_roguey, skrybe_vaults_entry_preservation,
          amcnicky_mini_corridor_feature, kennysheep_okawaru_gauntlet
D:15:     hangedman_depths_entry_civil_slaughter, layout_rooms,
          serial_corexii_hall, corexii_hall_statues_s,
          corexii_hall_statues_deadend, corexii_hall_statues_x,
          chequers_hall_statues_corner_a, hangedman_glass_teeth,
          hangedman_abyss_or_decor_lesser_grid,
          hellmonk_guarded_unrand_gyre_and_gimble
Temple:   nicolae_temple_godzebo
Lair:1:   layout_roguey, nicolae_volcano_entry_lava_flow, minivault_11,
          serial_bayou_shore_a, grunt_megastairs_4
Lair:2:   layout_chaotic_city, nicolae_swamp_entry_splash_gauntlet,
          hibernation_bobbens, uniq_harold
Lair:3:   layout_big_grid, nicolae_spider_entry_lesser_pyramids,
          infiniplex_staircase_pool_2, uniq_rupert
Lair:4:   layout_cave_pods, dpeg_slime_entry_enclosed,
          maelrawn_ghost_gauntlet_escape
Lair:5:   hellmonk_lair_end_abyssal_woods, layout_regular_city,
          grunt_forest_large_clearing_hut, grunt_megastairs_2
Swamp:1:  layout_basic_swamp, evilmike_swamp_ruin_house_4
Swamp:2:  layout_basic_swamp, evilmike_swamp_ruin_rubble_2, swamp_pool1,
          infiniplex_staircase_pool
Swamp:3:  layout_basic_swamp, evilmike_swamp_ruin_wall, swamp_pool4,
          nicolae_swamp_nymph_family_reunion
Swamp:4:  swamp_old_school, layout_basic_swamp, uniq_mlioglotl
Spider:1: nicolae_spider_hilbert_zone_1 [nicolae_spider_hilbert_4_sides_1_open,
          nicolae_spider_hilbert_4_sides_1_open,
          nicolae_spider_hilbert_4_sides_1_open,
          nicolae_spider_hilbert_4_sides_1_open,
          nicolae_spider_hilbert_3_sides_1_open,
          nicolae_spider_hilbert_3_sides_1_open,
          nicolae_spider_hilbert_3_sides_1_open,
          nicolae_spider_hilbert_3_sides_1_open,
          nicolae_spider_hilbert_3_sides_1_open,
          nicolae_spider_hilbert_6_sides_1_open,
          nicolae_spider_hilbert_6_sides_1_open,
          nicolae_spider_hilbert_3_sides_1_open,
          nicolae_spider_hilbert_3_sides_1_open,
          nicolae_spider_hilbert_3_sides_1_open,
          nicolae_spider_hilbert_3_sides_1_open,
          nicolae_spider_hilbert_2_sides_1_open], uniq_aizul, uniq_josephine
Spider:2: layout_spider_delve, gammafunk_ghost_cemetery,
          einodemon_crawler_minivault, uniq_agnes, uniq_kirke
Spider:3: layout_spider_delve, uniq_bai_suzhen, uniq_arachne
Spider:4: spider_rune_water, portal_ice_cave_entry_ice_statue_two,
          uniq_asterion, uniq_louise, uniq_roxanne
Orc:1:    cheibrodos_orc_bank, layout_caves, minmay_shop_enchanted_jewellery,
          mines2_david
Orc:2:    st_orc_congregation, layout_caves, gauntlet_entry_generic,
          uniq_erolcha
Vaults:1: nicolae_vaults_quartermaster, v_rooms_6, v_misc_18,
          nicolae_vaults_little_squares_6, nicolae_vaults_doubleplus_tesselated,
          nicolae_vaults_sealed_display, nicolae_vaults_closet_pinwheel_5,
          nicolae_vaults_ring_of_whatevers, nicolae_vaults_diamond_2,
          nicolae_vaults_frosty_reception, vaults_room_pool,
          nicolae_vaults_double_plus_2, nicolae_vaults_little_squares_5,
          layout_vaults_omnigrid
Vaults:2: v_pattern_3, hangedman_vaults_hat, grunt_vaults_swirl,
          nicolae_vaults_closet_pinwheel_2, nicolae_vaults_closet_pinwheel_2,
          ontoclasm_vaults_twist, v_misc_9, minmay_crypt_entry_necro_gods,
          nicolae_vaults_diagonal_hallway_9, layout_vaults_ring, enter_trove_5,
          uniq_mara
Vaults:3: vaults_mumra_hexcomb, ontoclasm_vaults_ring_small,
          nicolae_vaults_variable_pillar_hall,
          nicolae_vaults_network_quinsquares
          [nicolae_vaults_network_quincunx_subvault,
          nicolae_vaults_network_quincunx_subvault,
          nicolae_vaults_network_quincunx_subvault,
          nicolae_vaults_network_quincunx_subvault], gammafunk_sealed_arena,
          v_pattern_2, ontoclasm_vaults_bender, nicolae_vaults_surprise_closet,
          vaults_mumra_minichess_inversion, hangedman_vaults_maws,
          vaults_room_door_ring, nicolae_vaults_tetromino_T_1, v_misc_8,
          layout_vaults_omnibox, serial_shops, nicolae_lakefront_shop,
          nicolae_shop_bloodbath_and_beyond, nicolae_shop_hallway_stairs,
          nicolae_shop_rolling_square, nicolae_shop_tiny_real_fake_doors
Vaults:4: nicolae_vaults_house_3, nicolae_vaults_mini_display_case, v_rooms_3,
          nicolae_vaults_ninety_degrees, nicolae_vaults_three_branches,
          nicolae_vaults_little_guard_posts, layout_vaults_big_room,
          serial_shops, shop, nicolae_shop_temple_entry_statues_fountains, shop,
          nicolae_shop_waterfront
Depths:1: layout_gridlike, pan_entry, hellmouth_2,
          nicolae_hepliaklqana_hazy_memory, nicolae_dithmenos_shadow_blocks

Skill      XL: |  1  2  3  4  5  6  7  8  9 10 11 12 13 14 15 16 17 18 19 20 21 22 |
---------------+-------------------------------------------------------------------+-----
Axes           | 2 3 5 6 7 8 9 11 12 13 14 15 17 18 | 18.0
Throwing       | 1 2 3 5 6 8 |  8.9
Fighting       | 4 5 6 8 9 10 11 12 13 14 15 17 18 19 | 19.0
Armour         | 4 6 7 8 9 11 12 13 17 18 19 21 22 | 22.0
Dodging        | 1 2 3 4 |  4.0
Invocations    | 1 4 7 10 | 10.0
Shields        | 4 5 6 10 12 13 14 18 19 20 | 20.3

Action                     |  1- 3 |  4- 6 |  7- 9 | 10-12 | 13-15 | 16-18 | 19-21 | 22-24 || total
---------------------------+-------+-------+-------+-------+-------+-------+-------+-------++-------
  Melee: War axe           |   101 |    18 |       |       |       |       |       |       ||   119
         Broad axe         |       |    42 |   198 |   357 |   528 |  1522 |  1297 |   283 ||  4227
         Flail             |       |       |       |       |       |    20 |       |       ||    20
  Throw: Javelin           |    19 |    23 |    18 |     1 |    52 |   223 |    64 |       ||   400
         Boomerang         |     2 |    12 |    13 |       |   132 |    52 |    70 |    34 ||   315
 Invoke: Heroism           |       |       |     5 |    27 |    19 |    42 |    27 |     5 ||   125
         Finesse           |       |       |       |     1 |     4 |     5 |     7 |     1 ||    18
    Use: Scroll            |     6 |     2 |     8 |     6 |     7 |    12 |     3 |     4 ||    48
         Potion            |     1 |       |     4 |       |     2 |    14 |     3 |       ||    24
   Stab: Invisible         |       |       |       |       |     2 |       |       |       ||     2
         Distracted        |       |       |       |       |       |       |     1 |     8 ||     9
 Armour: Scale mail        |    51 |       |       |       |       |       |       |       ||    51
         Plate armour      |       |    39 |   140 |   128 |   173 |   316 |       |       ||   796
         Crystal plate arm |       |       |       |       |       |   529 |   527 |    94 ||  1150
  Dodge: Dodged            |    46 |    13 |    88 |   167 |   197 |   864 |   540 |    89 ||  2004
         Repelled          |       |       |       |       |       |    16 |    12 |     3 ||    31
  Block: Buckler           |    15 |    16 |    66 |    93 |    34 |       |       |       ||   224
         Kite shield       |       |       |       |       |   249 |  1348 |    97 |       ||  1694
         Reflection        |       |       |       |       |     1 |    53 |    58 |       ||   112
         Other             |       |       |       |       |       |     1 |       |       ||     1
         Tower shield      |       |       |       |       |       |       |  1187 |   275 ||  1462

Table legend:
 A = Non-vault XP
 B = Vault XP
 C = Vault XP percentage of total XP
 D = Non-vault monster count
 E = Vault monster count
 F = Vault count percentage of total count
                 A         B        C        D         E       F
            +---------+---------+-------+---------+---------+-------
      Total |  382037 |  233128 |  37.9 |     986 |     469 |  32.2
            +---------+---------+-------+---------+---------+-------
        D:1 |      30 |       0 |   0.0 |      19 |       0 |   0.0
        D:2 |      43 |       2 |   4.4 |      19 |       1 |   5.0
        D:3 |     209 |       5 |   2.3 |      12 |       1 |   7.7
        D:4 |     226 |     164 |  42.1 |      18 |       1 |   5.3
        D:5 |     545 |       0 |   0.0 |      18 |       0 |   0.0
        D:6 |     496 |     469 |  48.6 |      18 |      12 |  40.0
        D:7 |    1410 |       0 |   0.0 |      19 |       0 |   0.0
        D:8 |    1277 |    1734 |  57.6 |      16 |       3 |  15.8
        D:9 |    2765 |       0 |   0.0 |      21 |       0 |   0.0
       D:10 |    2208 |    1226 |  35.7 |      13 |      16 |  55.2
       D:11 |    3652 |       0 |   0.0 |      19 |       0 |   0.0
       D:12 |    3856 |       0 |   0.0 |      17 |       0 |   0.0
       D:13 |    4202 |       0 |   0.0 |      13 |       0 |   0.0
       D:14 |    6335 |    5575 |  46.8 |      18 |      11 |  37.9
       D:15 |   10519 |    4247 |  28.8 |      23 |       6 |  20.7
     Lair:1 |    5704 |    2046 |  26.4 |      24 |      12 |  33.3
     Lair:2 |    7591 |    1522 |  16.7 |      25 |       5 |  16.7
     Lair:3 |   13199 |    3039 |  18.7 |      37 |       4 |   9.8
     Lair:4 |    6033 |       0 |   0.0 |      22 |       0 |   0.0
     Lair:5 |   17288 |   17077 |  49.7 |      47 |      53 |  53.0
    Swamp:1 |   12056 |       0 |   0.0 |      25 |       0 |   0.0
    Swamp:2 |   10226 |       0 |   0.0 |      15 |       0 |   0.0
    Swamp:3 |    9453 |    2907 |  23.5 |      17 |       4 |  19.0
    Swamp:4 |    6018 |   17471 |  74.4 |      12 |      23 |  65.7
   Spider:1 |   15125 |   10917 |  41.9 |      37 |      22 |  37.3
   Spider:2 |   18798 |    8417 |  30.9 |      39 |      12 |  23.5
   Spider:3 |   19912 |    5389 |  21.3 |      56 |       2 |   3.4
   Spider:4 |   24985 |   24987 |  50.0 |      51 |      49 |  49.0
      Orc:1 |    1027 |     949 |  48.0 |      17 |      23 |  57.5
      Orc:2 |    1111 |   11455 |  91.2 |      23 |      63 |  73.3
   Vaults:1 |   10494 |   24333 |  69.9 |      13 |      31 |  70.5
   Vaults:2 |   36747 |   37918 |  50.8 |      47 |      47 |  50.0
   Vaults:3 |   12673 |   28537 |  69.2 |      22 |      37 |  62.7
   Vaults:4 |   20691 |   11976 |  36.7 |      33 |      14 |  29.8
   Depths:1 |   27318 |    5552 |  16.9 |      32 |       7 |  17.9
    Abyss:2 |   13813 |       0 |   0.0 |      30 |       0 |   0.0
    Abyss:3 |   54002 |       0 |   0.0 |      99 |       0 |   0.0
   Gauntlet |       0 |    5214 | 100.0 |       0 |      10 | 100.0
            +---------+---------+-------+---------+---------+-------
